 Dungeon Crawl Stone Soup version 0.30-a0-879-ga8ba668304 (webtiles) character file.

Game seed: 6164582544874309681

15015964 Khashishi the Englaciator (level 27, 273/273 HPs)
             Began as a Demigod Hunter on Mar 12, 2023.
             Escaped with the Orb
             ... and 15 runes on Mar 14, 2023!
             The game lasted 13:02:09 (105389 turns).

Khashishi the Englaciator (Demigod Hunter)        Turns: 105389, Time: 13:02:10

Health: 273/273    AC: 33    Str: 12      XL:     27
Magic:  55/55      EV: 64    Int: 26 (29) God:
Gold:   15499      SH:  0    Dex: 49      Spells: 7/69 levels left

rFire   + + +      SeeInvis +    a - +9 triple crossbow (flame)
rCold   + + .      Faith    .    (shield currently unavailable)
rNeg    + + +      Spirit   .    I - +5 steam dragon scales
rPois   ∞          Reflect  .    H - +1 hat of Truth {rCorr Dex+2 Stlth+}
rElec   .          Rampage  .    O - +1 cloak of Exclusion {rF+ rC+ rCorr}
rCorr   +                        s - +0 pair of gloves "Cuothrix" {rF+ Dex+4}
Will    +++++                    B - +2 pair of boots of Free Will {Dex+2}
Stlth   ++                       Y - necklace of Bloodlust {Fury *Rage Will++ Int-3 Slay+6}
HPRegen 0.65/turn                o - ring of Luasch {rF+ AC+4 Dex+4 SInv}
MPRegen 0.34/turn                R - ring of the Usurping Gods {Wiz *Slow rN+ Int+5 Slay+3}

@: lich-form, studying 6 skills
A: draining attack, torment immunity, no potions, high MP 1, forlorn, divine
attributes, horns 1, talons 1, strong-willed 1, inability to drink after injury
1
0: Orb of Zot
}: 15/15 runes: barnacled, slimy, silver, golden, iron, obsidian, icy, bone,
abyssal, demonic, glowing, magical, fiery, dark, gossamer
a: End Transformation


You escaped.
You were an undead lich.
You visited 17 branches of the dungeon, and saw 87 of its levels.
You visited Pandemonium 2 times, and saw 19 of its levels.
You visited the Abyss 4 times.
You visited 1 ziggurat, and saw 15 of its levels.
You also visited: Trove.

You collected 17792 gold pieces.
You spent 2293 gold pieces at shops.

Inventory:

Hand Weapons
 a - a +9 triple crossbow of flaming (weapon)
Armour
 s - the +0 pair of gloves "Cuothrix" (worn) {rF+ Dex+4}
   (You acquired it on level 2 of the Spider Nest)

   Dex:       It affects your dexterity (+4).
   rF:        It protects you from fire.
 B - the +2 pair of boots of Free Will (worn) {Dex+2}
   (You found it on level 7 of the Iron City of Dis)

   Dex:       It affects your dexterity (+2).
 H - the +1 hat of Truth (worn) {rCorr Dex+2 Stlth+}
   (You bought it in a shop on level 1 of the Elven Halls)

   Dex:       It affects your dexterity (+2).
   rCorr:     It protects you from acid and corrosion.
   Stlth:     It makes you more stealthy.
 I - +5 steam dragon scales (worn)
 O - the +1 cloak of Exclusion (worn) {rF+ rC+ rCorr}
   (You found it in Pandemonium)

   rF:        It protects you from fire.
   rC:        It protects you from cold.
   rCorr:     It protects you from acid and corrosion.
Magical Staves
 b - a staff of cold
Jewellery
 f - the ring "Codurphi" {Ice Fly rPois rN+ SInv}
   (You found it on level 3 of the Tomb of the Ancients)

   [ring of ice]

   It enhances your ice magic.
   rF:        It makes you vulnerable to fire.
   rC:        It protects you from cold.
   rPois:     It protects you from poison.
   rN:        It protects you from negative energy.
   SInv:      It lets you see invisible.
   Fly:       It grants you flight.
 m - the ring of Goxytud {rN+ Will+ Str+4 Dex+4}
   (You found it on level 7 of Tartarus)

   [ring of willpower]

   Str:       It affects your strength (+4).
   Dex:       It affects your dexterity (+4).
   rN:        It protects you from negative energy.
   Will:      It increases your willpower.
 o - the ring of Luasch (left hand) {rF+ AC+4 Dex+4 SInv}
   (You found it on level 7 of Tartarus)

   [ring of protection]

   AC:        It affects your AC (+4).
   Dex:       It affects your dexterity (+4).
   rF:        It protects you from fire.
   SInv:      It lets you see invisible.
 p - the ring "Heomischy" {Contam rPois rF+ rCorr Dex+6}
   (You found it on level 7 of Tartarus)

   [ring of dexterity]

   Dex:       It affects your dexterity (+6).
   rF:        It protects you from fire.
   rPois:     It protects you from poison.
   Contam:    It causes magical contamination when unequipped.
   rCorr:     It protects you from acid and corrosion.
 r - the ring "Soschokk" {*Slow rF+ rCorr Int+4}
   (You took it off a tengu conjurer on level 8 of the Dungeon)

   [ring of protection from fire]

   Int:       It affects your intelligence (+4).
   rF:        It protects you from fire.
   rCorr:     It protects you from acid and corrosion.
   *Slow:     It may slow you when you take damage.
 t - the ring of Secutz {rF+ AC+4}
   (You found it on level 1 of the Elven Halls)

   [ring of protection]

   AC:        It affects your AC (+4).
   rF:        It protects you from fire.
 w - the ring "Kuziox" {Wiz rPois rC+ rCorr Str-3}
   (You found it on level 11 of a ziggurat)

   [ring of wizardry]

   It improves your spell success rate.
   Str:       It affects your strength (-3).
   rC:        It protects you from cold.
   rPois:     It protects you from poison.
   rCorr:     It protects you from acid and corrosion.
 z - the ring "Deiquili" {rPois rF+}
   (You bought it in a shop on level 1 of the Elven Halls)

   [ring of protection from fire]

   rF:        It protects you from fire.
   rPois:     It protects you from poison.
 G - the ring of Kimer {rN+ Will+ Int+3}
   (You found it on level 4 of the Shoals)

   [ring of willpower]

   Int:       It affects your intelligence (+3).
   rN:        It protects you from negative energy.
   Will:      It increases your willpower.
 R - the ring of the Usurping Gods (right hand) {Wiz *Slow rN+ Int+5 Slay+3}
   (You acquired it in Pandemonium)

   [ring of wizardry]

   It improves your spell success rate.
   Int:       It affects your intelligence (+5).
   Slay:      It affects your accuracy & damage with ranged weapons and melee
   (+3).
   rN:        It protects you from negative energy.
   *Slow:     It may slow you when you take damage.
 S - the ring of Cojouz {rN+ Will+ Int+3}
   (You found it on level 3 of the Crypt)

   [ring of positive energy]

   Int:       It affects your intelligence (+3).
   rN:        It protects you from negative energy.
   Will:      It increases your willpower.
 X - the ring "Gaisag" {Drain rF+ Will++ Str+3 Dex+3}
   (You found it on level 10 of a ziggurat)

   [ring of protection from fire]

   Str:       It affects your strength (+3).
   Dex:       It affects your dexterity (+3).
   rF:        It protects you from fire.
   Drain:     It drains your maximum health when unequipped.
   Will:      It greatly increases your willpower.
 Y - the necklace of Bloodlust (around neck) {Fury *Rage Will++ Int-3 Slay+6}
   (You took it off an ironbound convoker on level 5 of the Vaults)

   [amulet of nothing]

   Fury:      It extends the wearer's berserk rage when killing foes.
   Int:       It affects your intelligence (-3).
   Slay:      It affects your accuracy & damage with ranged weapons and melee
   (+6).
   *Rage:     It berserks you when you make melee attacks (+50% chance).
   Will:      It greatly increases your willpower.
Wands
 i - a wand of iceblast (65)
 k - a wand of digging (7)
 y - a wand of acid (43)
Scrolls
 d - 5 scrolls of amnesia
 l - 12 scrolls of blinking
 v - 43 scrolls of teleportation
 A - 4 scrolls of magic mapping
 D - 4 scrolls of immolation
 P - a scroll of silence
 Q - 18 scrolls of fog
 T - 9 scrolls of fear
 V - 13 scrolls of poison
 W - 2 scrolls of summoning
Potions
 c - 2 potions of brilliance
 e - 10 potions of flight
 g - 3 potions of magic
 h - 14 potions of lignification
 j - 12 potions of ambrosia
 n - 4 potions of mutation
 J - a potion of resistance
 L - 13 potions of heal wounds
 M - 21 potions of curing
 N - 5 potions of cancellation
Miscellaneous
 q - a figurine of a ziggurat
 u - a phial of floods
 x - a lightning rod (4/4)
 C - a condenser vane
 E - a phantom mirror


   Skills:
 O Level 27 Fighting
 O Level 27 Ranged Weapons
 + Level 18.6 Armour
 O Level 27 Dodging
 - Level 6.0 Stealth
 + Level 21.8 Spellcasting
 - Level 3.0 Hexes
 - Level 18.2 Necromancy
 - Level 5.0 Translocations
 - Level 18.2 Transmutations
 O Level 27 Ice Magic
 - Level 4.0 Evocations


You had 7 spell levels left.
You knew the following spells:

 Your Spells              Type           Power      Damage    Failure   Level
a - Apportation           Tloc           100%       N/A       1%          1
b - Blink                 Tloc           100%       N/A       1%          2
c - Ozocubu's Armour      Ice            100%       N/A       0%          3
d - Frozen Ramparts       Ice            100%       1d16      0%          3
e - Portal Projectile     Hex/Tloc       98%        N/A       1%          3
f - Ozocubu's Refrigerat  Ice            53%        4d19      0%          7
g - Dispel Undead         Necr           100%       3d31      0%          4
h - Vampiric Draining     Necr           100%       2d13      0%          3
i - Sublimation of Blood  Necr           100%       N/A       0%          2
n - Necromutation         Tmut/Necr      55%        N/A       1%          8
q - Vhi's Electric Charg  Tloc/Air       82%        N/A       1%          3
v - Polar Vortex          Ice            53%        N/A       1%          9
C - Death Channel         Necr           55%        N/A       1%          6
D - Animate Dead          Necr           100%       N/A       0%          4
G - Passage of Golubria   Tloc           53%        N/A       1%          4

Your spell library contained the following spells:

 Spells                   Type           Power      Damage    Failure   Level
 Beastly Appendage        Tmut           100%       N/A       0%          1
 Freeze                   Ice            100%       1d10      0%          1
 Necrotise                Necr           100%       1d9       0%          1
 Ensorcelled Hibernation  Hex/Ice        100%       N/A       0%          2
 Wereblood                Tmut           89%        N/A       0%          2
 Hailstorm                Conj/Ice       78%        3d16      0%          3
 Ice Form                 Ice/Tmut       98%        N/A       0%          4
 Agony                    Necr           100%       N/A       0%          5
 Blade Hands              Tmut           44%        N/A       0%          5
 Simulacrum               Ice/Necr       60%        N/A       0%          6
 Foxfire                  Conj/Fire      100%       2x1d9     1%          1
 Kiss of Death            Conj/Necr      100%       2d13      1%          1
 Magic Dart               Conj           100%       1d8       1%          1
 Sandblast                Erth           56%        2d13      1%          1
 Shock                    Conj/Air       100%       1d9       1%          1
 Sting                    Tmut/Pois      100%       1d8       1%          1
 Summon Small Mammal      Summ           100%       N/A       1%          1
 Call Imp                 Summ           28%        N/A       1%          2
 Cigotuvi's Dreadful Rot  Necr/Pois/Air  100%       N/A       1%          2
 Lesser Beckoning         Tloc           100%       N/A       1%          2
 Momentum Strike          Conj/Tloc      82%        3d10      1%          2
 Passwall                 Tmut/Erth      55%        N/A       1%          2
 Poisonous Vapours        Pois/Air       56%        N/A       1%          2
 Static Discharge         Conj/Air       56%        2-5/arc   1%          2
 Call Canine Familiar     Summ           28%        N/A       1%          3
 Confusing Touch          Hex            43%        N/A       1%          3
 Dazzling Flash           Conj/Hex       72%        N/A       1%          3
 Ignite Poison            Fire/Tmut/Pois 56%        N/A       1%          3
 Inner Flame              Hex/Fire       36%        N/A       1%          3
 Kindle Blastsparks       Fire/Tloc/Air  74%        2d16      1%          3
 Mephitic Cloud           Conj/Pois/Air  28%        N/A       1%          3
 Spider Form              Tmut/Pois      66%        N/A       1%          3
 Stone Arrow              Conj/Erth      56%        3d10      1%          3
 Summon Guardian Golem    Hex/Summ       36%        N/A       1%          3
 Swiftness                Air            28%        N/A       1%          3
 Tukima's Dance           Hex            43%        N/A       1%          3
 Anguish                  Hex/Necr       45%        N/A       1%          4
 Cause Fear               Hex            21%        N/A       1%          4
 Iskenderun's Mystic Bla  Conj/Tloc      41%        2d9       1%          4
 Manifold Assault         Tloc           53%        N/A       1%          4
 Petrify                  Tmut/Erth      66%        N/A       1%          4
 Summon Ice Beast         Ice/Summ       78%        N/A       1%          4
 Alistair's Intoxication  Tmut/Pois      44%        N/A       1%          5
 Borgnjor's Vile Clutch   Necr/Erth      42%        N/A       1%          5
 Freezing Cloud           Conj/Ice/Air   33%        6-21      1%          5
 Irradiate                Conj/Tmut      33%        3d22      1%          5
 Metabolic Englaciation   Hex/Ice        41%        N/A       1%          5
 Yara's Violent Unravell  Hex/Tmut       35%        3d14      1%          5
 Eringya's Noxious Bog    Tmut/Pois      33%        N/A       1%          6
 Statue Form              Tmut/Erth      44%        N/A       1%          6
 Dragon Form              Tmut           44%        N/A       1%          7
 Fulminant Prism          Conj/Hex       18%        3d10      3%          4
 Leda's Liquefaction      Hex/Erth       18%        N/A       3%          4
 Airstrike                Air            14%        2d(2-18)  6%          4
 Animate Armour           Summ/Erth      56%        N/A       6%          4
 Flame Wave               Conj/Fire      28%        2d9       6%          4
 Olgreb's Toxic Radiance  Pois           28%        N/A       6%          4
 Sticky Flame             Conj/Fire      28%        2d5       6%          4
 Summon Lightning Spire   Summ/Air       28%        N/A       6%          4
 Summon Forest            Summ/Tloc      20%        N/A       6%          5
 Silence                  Hex/Air        18%        N/A       9%          5
 Summon Mana Viper        Hex/Summ       36%        N/A       9%          5
 Haunt                    Necr/Summ      42%        N/A       11%         7
 Storm Form               Tmut/Air       33%        N/A       12%         7
 Arcjolt                  Conj/Air       14%        1d24      16%         5
 Fireball                 Conj/Fire      14%        3d8       16%         5
 Iskenderun's Battlesphe  Conj           28%        2d8       16%         5
 Lee's Rapid Deconstruct  Erth           14%        3d9*      16%         5
 Lightning Bolt           Conj/Air       14%        1d27      16%         5
 Conjure Ball Lightning   Conj/Air       14%        3x3d6     61%         6
 Iron Shot                Conj/Erth      14%        9d4       61%         6
 Starburst                Conj/Fire      14%        6d6       61%         6
 Enfeeble                 Hex            21%        N/A       77%         7
 Monstrous Menagerie      Summ           14%        N/A       98%         7
 Orb of Destruction       Conj           14%        9d7       98%         7
 Spellforged Servitor     Conj/Summ      14%        N/A       98%         7
 Summon Hydra             Summ           14%        N/A       98%         7
 Borgnjor's Revivificati  Necr           55%        N/A       1%          8
 Infestation              Necr           55%        N/A       1%          8
 Death's Door             Necr           55%        N/A       30%         9
 Disjunction              Tloc           26%        N/A       98%         8
 Discord                  Hex            21%        N/A       100%        8
 Lehudib's Crystal Spear  Conj/Erth      14%        10d5      100%        8
 Maxwell's Capacitive Co  Air            14%        ∞         100%        8
 Chain Lightning          Conj/Air       14%        3d18      100%        9
 Fire Storm               Conj/Fire      14%        8d4       100%        9


Dungeon Overview and Level Annotations

Branches:
Dungeon (15/15)            Temple (0/1) D:5            Lair (5/5) D:9
 Shoals (4/4) Lair:3       Spider (4/4) Lair:2        Slime (5/5) Lair:4
    Orc (2/2) D:9             Elf (3/3) Orc:2        Vaults (5/5) D:14
  Crypt (3/3) Vaults:3       Tomb (3/3) Crypt:3      Depths (4/4) D:15
   Hell (visited)             Dis (7/7) Hell            Geh (7/7) Hell
    Coc (7/7) Hell            Tar (7/7) Hell            Zot (5/5) Depths:4

Shops:
D:5 ?   D:11 ?   D:15 [   Orc:2 *:[(   Elf:1 :=([(   Elf:3 (   Shoals:1 [
Vaults:2 ([[(!   Depths:2 =:=   Depths:4 *

Portals:
Hell: Depths:1 Depths:2 Depths:3 Depths:4
Abyss: Depths:2 Depths:3
Pandemonium: Depths:2 Depths:3


Innate Abilities, Weirdness & Mutations

You are an undead lich.
Your unarmed attacks are suffused with negative energy.
You are immune to unholy pain and torment.
Your necromantic spells are more powerful.
You cannot drink.
You are immune to poison.
You have an increased reservoir of magic. (+10% MP)
You shall have no god before yourself.
Your divine heritage dramatically boosts your attributes as you level up.
You have a pair of small horns on your head.
You have sharp toenails.
You are strong-willed. (Will+)
You occasionally lose the ability to drink potions when taking damage.


Message History

(Y) Tartarus (Z) Zot
Where to? (Enter - D:1, ? - help)
You shoot a bolt. The bolt hits the blizzard demon!!!
The bolt burns the blizzard demon!
You kill the blizzard demon!
(D) Dungeon (T) Temple (L) Lair (A) Shoals (N) Spider Nest (M) Slime Pits (O) Orcish Mines (E) Elven Halls (V) Vaults (C) Crypt (W) Tomb (U) Depths (H) Hell (I) Dis (G) Gehenna (X) Cocytus (Y) Tartarus (Z) Zot
Where to? (Enter - D:1, ? - help)
A sixfirhy comes into view.
You shoot a bolt. The bolt hits the sixfirhy!!
The bolt burns the sixfirhy.
The sixfirhy is almost dead.
You shoot a bolt. The bolt hits the sixfirhy!!!
The bolt burns the sixfirhy.
You kill the sixfirhy!
(D) Dungeon (T) Temple (L) Lair (A) Shoals (N) Spider Nest (M) Slime Pits (O) Orcish Mines (E) Elven Halls (V) Vaults (C) Crypt (W) Tomb (U) Depths (H) Hell (I) Dis (G) Gehenna (X) Cocytus (Y) Tartarus (Z) Zot
Where to? (Enter - D:1, ? - help) Magic restored.
HP restored.
You see here a +0 dagger.
There is a stone staircase leading up here.
You climb upwards.
There is a stone staircase leading down here.
There is a stone staircase leading up here.
You climb upwards.
There is a stone staircase leading down here.
Casting: Necromutation (mildly dangerous; 1% risk of failure)
Confirm with . or Enter, or press ? or * to list all spells.
You feel a surge of power!
You extend your transformation's duration.
There is an open door here.
Magic restored.
There is a staircase leading out of the dungeon here.
Unknown command.
You have escaped!

#.# #..###.# #.........# #.# #..#
#.# #.###.###.## #.# ##### #####
##'###(# #...
##.###...###...###...##.# ####
####...##...............##.#
........#...###...###...##.######
####...###.## ##### ######.......
##.###[..###...###...#########
###.###.......L.......#
#.....#...###...###...#########
#.#..###### ##### ##.##........
###.#...#...###...###...#########
.......##)..............# #
.#####.##...###...###...# # .#
#..##'## ##### ##### # .# #.#...#
#.# # .# #..#### #.# #


There were no monsters in sight!

Vanquished Creatures
  Cerebov (Pan)
  Antaeus (Coc:7)
  the Royal Jelly (Slime:5)
  Dissolution (Slime:2)
  Asmodeus (Geh:7)
  Gloorx Vloq (Pan)
  the Serpent of Hell (Coc:7)
  Lom Lobon (Pan)
  11 dread liches
  Mnoleg (Pan)
  Dispater (Dis:7)
  12 ancient liches
  7 orbs of fire
  Mennas (Pan)
  Mara (Vaults:2)
  The ghost of Bucoetae the Slayer, a veteran OgBe of Trog (Zot:2)
  The ghost of Sackuas the Slayer, a veteran OgBe of Trog (Zot:4)
  3 juggernauts (Dis:7)
  41 royal mummies
  Vv (Zot:1)
  The ghost of SlowGraham the Earth Mage, a veteran FoEE of Vehumet (Elf:1)
  Sojobo (Vaults:3)
  Frederick (Vaults:2)
  The ghost of Zonian the Warrior, a legendary VSFi of Ashenzari (Zig:9)
  Boris (twice) (Vaults:3 Tomb:1)
  6 Killer Klowns (Zot:5)
  Saint Roka (Orc:2)
  The ghost of Qiokh the Slayer, a veteran MiBe of Trog (Elf:1)
  Margery (Vaults:2)
  A curse toe (Zot:4)
  26 caustic shrikes
  16 shard shrikes
  Geryon (Hell)
  12 golden dragons
  Nikola (Spider:1)
  9 profane servitors
  A pearl dragon (Abyss:5)
  28 bone dragons
  20 Tzitzimimeh
  11 pandemonium lords
  16 doom hounds
  17 Brimstone Fiends
  Zenata (Vaults:1)
  3 electric golems
  9 iron giants
  16 tentacled monstrosities
  A spectral shard shrike (Tar:3)
  40 Ice Fiends
  A shard shrike zombie (Crypt:3)
  The ghost of jasper the Phalangite, an adept MfGl of Okawaru (Elf:1)
  A walking crystal tome (Depths:2)
  16 hellephants
  15 tainted leviathans
  9 liches
  27 Orb Guardians
  23 titans
  A shard shrike skeleton (Tar:7)
  Grunn (Zot:1)
  23 searing wretches
  25 Hell Sentinels
  6 deep elf blademasters
  5 quicksilver dragons
  The ghost of Purghie Ritz the Executioner, an adept MiBe of Trog (Elf:1)
  Polyphemus (Shoals:4)
  17 acid blobs
  22 Executioners (Pan)
  5 krakens
  36 ancient champions
  3 deep elf master archers (Elf:3)
  The ghost of jasper the Severer, an adept DsFi of Jiyva (Elf:1)
  The ghost of Piot the Severer, an adept DsFi of Jiyva (Elf:1)
  7 tentacled starspawn
  The ghost of patfeehan111222 the Shatterer, an adept MiBe of Trog (Elf:1)
  17 sphinxes
  8 tengu reavers
  8 death cobs
  Agnes (Spider:3)
  The ghost of bmack86 the Severer, an adept MiFi of Okawaru (Elf:1)
  7 shadow dragons
  The ghost of jimonade the Fighter, an adept DjWr of Okawaru (Elf:1)
  15 storm dragons
  8 demonspawn warmongers
  8 revenants
  11 draconian monks
  20 narguns
  10 azure jellies
  7 draconian knights
  24 fire giants
  8 rockslimes
  12 deep elf sorcerers
  3 emperor scorpions
  8 quicksilver elementals
  21 iron dragons
  14 ghost moths
  The ghost of hikkokomori the Zephyrmancer, an adept TeWn of Vehumet (Spider:2)
  A spectral juggernaut (Tar:3)
  2 daevas (Abyss:5)
  Aizul (Vaults:3)
  6 draconian scorchers
  11 shard shrike simulacra
  13 frost giants
  14 vault wardens
  27 cacodemons
  3 spectral caustic shrikes
  56 balrugs
  A caustic shrike zombie (Crypt:2)
  7 curse skulls
  13 stone giants
  12 demonspawn corrupters
  2 angels
  3 orc warlords
  6 draconian stormcallers
  11 draconian shifters
  4 deep elf elementalists (Elf:3)
  20 reapers
  An ophan (Abyss:3)
  42 very ugly things
  3 juggernaut skeletons
  7 quicksilver oozes
  9 draconian annihilators
  47 war gargoyles
  3 ghouls
  3 broodmothers
  8 ironbound thunderhulks
  21 ironbound preservers
  18 demonspawn blood saints
  A caustic shrike skeleton (Tar:7)
  24 lorocyprocas
  12 vampire knights
  12 purple draconians
  15 green draconians
  24 elemental wellsprings
  20 black draconians
  Nessos (D:12)
  An eleionoma (Zig:3)
  9 white draconians
  14 bennus
  A bunyip (Abyss:5)
  5 deep elf demonologists
  11 yellow draconians
  20 putrid mouths
  11 spark wasps
  8 dire elephants (Vaults:1)
  6 deep elf annihilators
  19 demonspawn black suns
  22 wendigos
  15 red draconians
  3 crystal guardians
  25 iron golems
  13 eidola
  6 deep elf death magi
  A merfolk javelineer (Shoals:4)
  7 merfolk impalers
  26 blizzard demons
  11 ettins
  14 fire dragons
  13 jiangshi
  22 yaktaur captains
  2 spectral quicksilver dragons
  11 entropy weavers
  16 green deaths
  Fannar (Lair:3)
  A kraken zombie (Hell)
  6 deep elf high priests
  29 mummy priests
  7 hydras
  18 great orbs of eyes
  2 spriggan zombies
  4 juggernaut simulacra
  2 shambling mangroves
  A spectral spriggan (Tar:1)
  4 spriggan skeletons
  14 salamander tyrants
  2 spriggan air magi
  8 ice dragons
  8 rakshasas
  14 caustic shrike simulacra
  2 ogre magi
  A fenstrider witch zombie (Crypt:1)
  5 hell beasts
  3 ghost crabs
  3 peacekeepers
  6 stokers
  29 vault guards
  4 jorogumos
  8 death knights
  3 merfolk avatars
  20 boulder beetles
  2 catoblepae
  29 dancing weapons
  10 radroaches
  4 deep troll shamans
  2 alligator snapping turtles
  A fenstrider witch skeleton (Crypt:1)
  9 ironbound frosthearts
  6 two-headed ogres
  5 merfolk aquamancers
  16 centaur warriors
  9 tengu warriors
  41 hell hogs
  A satyr (Shoals:1)
  Urug (Lair:4)
  68 death scarabs
  19 death yaks
  11 deep troll earth magi
  4 vampire magi
  A shock serpent (shapeshifter) (Vaults:5)
  2 spectral nagas
  8 thrashing horrors
  3 spriggan berserkers
  2 orc high priests
  A spectral dire elephant (Tar:5)
  58 soul eaters
  6 holy swine (Pan)
  15 crystal echidnas
  14 iron trolls
  15 wretched stars
  A spectral storm dragon (Tar:1)
  111 sun demons
  A spatial maelstrom (Abyss:5)
  17 deep elf knights
  5 hell knights
  8 skysharks
  2 titan skeletons
  A fire crab (Abyss:5)
  5 pharaoh ants
  32 skeletal warriors
  38 shadow wraiths
  37 sixfirhies
  A goliath frog (shapeshifter) (Vaults:1)
  A quicksilver dragon simulacrum (Coc:5)
  2 golden dragon zombies (Zig:14)
  11 sea snakes
  2 anaconda zombies (Hell)
  A spectral bunyip (Tar:1)
  10 flayed ghosts
  A kraken simulacrum (Shoals:4)
  A sun moth (Spider:4)
  16 shadow demons
  2 golden dragon skeletons
  10 glowing orange brains
  4 orange crystal statues
  7 orb spiders
  2 bog bodies (Crypt:1)
  23 wizards
  An iron giant skeleton (Tar:7)
  4 obsidian statues
  17 harpies
  10 phantasmal warriors
  75 deep trolls
  17 starcursed masses
  8 deep elf archers
  7 spriggan simulacra
  11 steelbarb worms
  5 wolf spider zombies (Spider:1)
  72 ugly things
  3 shadow dragon zombies
  12 lindwurms
  26 deep elf pyromancers
  8 orc knights
  19 wolf spiders
  23 ironbound convokers
  A fire giant zombie (Vaults:2)
  12 necromancers
  A tengu skeleton (Zig:14)
  4 fauns
  28 deep elf zephyrmancers
  6 orc sorcerers
  An anaconda skeleton (Crypt:1)
  A shadow dragon skeleton (Pan)
  12 shining eyes
  2 spectral centaurs
  An iron dragon skeleton (Pan)
  A spectral alligator snapping turtle (Tar:2)
  8 merfolk sirens
  3 stone giant skeletons
  2 will-o-the-wisps
  A worldbinder (Abyss:5)
  14 manticores
  2 naga magi (Vaults:3)
  7 cyclopes
  A spectral fire dragon (Tar:1)
  The ghost of drewk1942 the Covert, a novice KoBr (D:4)
  3 apocalypse crabs
  A demonspawn zombie (Zig:9)
  A centaur zombie (Crypt:1)
  A frost giant skeleton (Depths:1)
  A guardian serpent (shapeshifter) (D:14)
  30 moths of wrath
  6 water nymphs
  12 vault sentinels
  An eye of devastation (shapeshifter) (Vaults:5)
  3 eyes of devastation
  11 black mambas
  17 demonic crawlers
  4 titan simulacra
  12 rust devils
  2 dire elephant skeletons
  A dire elephant zombie (Tar:7)
  An alligator snapping turtle zombie (Tomb:1)
  64 smoke demons
  11 torpor snails
  5 ice statues
  35 orange demons
  3 gargoyles
  2 storm dragon simulacra
  A centaur skeleton (Pan)
  15 molten gargoyles
  A white draconian zombie (Crypt:2)
  12 cane toads
  An anaconda simulacrum (Coc:7)
  3 unseen horrors
  Psyche (D:8)
  40 hellions
  7 ice devils
  A bunyip simulacrum (Coc:1)
  A swamp worm zombie (Crypt:3)
  38 tormentors
  34 yaktaurs
  6 redback zombies
  13 rime drakes
  12 komodo dragons
  10 freezing wraiths
  68 guardian mummies
  2 sea snake zombies (Hell)
  6 efreet
  A yaktaur skeleton (Vaults:2)
  A catoblepas skeleton (Crypt:3)
  A green draconian skeleton (Crypt:3)
  An iron giant simulacrum (Coc:6)
  10 ancient zymes
  4 golden dragon simulacra
  A spectral harpy (Tar:3)
  A tengu conjurer (D:8)
  2 silent spectres
  11 trolls
  28 merfolk
  A meliai (shapeshifter) (D:14)
  7 hornets
  68 large abominations
  12 meliai
  6 harpy zombies
  12 red devils (Pan)
  4 hydra zombies
  23 hellwings
  A hydra skeleton (Pan)
  10 tarantella zombies (Spider:1)
  A blink frog (shapeshifter) (Vaults:5)
  6 culicivora zombies (Spider:1)
  A moth of wrath zombie (Crypt:1)
  21 tarantellas
  5 snapping turtles
  6 blink frogs (Lair:3)
  7 wind drakes
  An ettin zombie (Depths:1)
  2 radroach zombies
  16 raiju
  3 iron dragon simulacra
  A fire giant simulacrum (Depths:1)
  2 harpy skeletons
  Sigmund (D:2)
  36 jumping spiders
  3 stone giant simulacra
  46 flying skulls
  A spectral black mamba (Tar:1)
  A jumping spider (shapeshifter) (D:14)
  An alligator skeleton (Hell)
  107 slime creatures
  26 culicivoras
  9 wraiths
  4 air elementals
  3 centaur simulacra
  3 ettin skeletons
  3 spriggans
  2 shadows
  13 basilisks
  2 fire bats (Depths:4)
  6 vampires
  18 water elementals
  57 ynoxinuls
  6 ushabtiu
  6 wyverns
  3 fire elementals
  A fire bat (shapeshifter) (D:13)
  2 elf zombies
  54 yaks
  4 dire elephant simulacra
  14 steam dragons
  49 neqoxecs
  12 golden eyes
  10 vampire mosquitoes
  34 chaos spawn
  A redback (shapeshifter) (Elf:1)
  2 black mamba skeletons
  2 spatial vortices (Abyss:5)
  A yaktaur simulacrum (Vaults:4)
  64 redbacks
  A glowing shapeshifter zombie (Vaults:2)
  2 fire bat zombies
  2 naga zombies
  8 wargs
  14 harpy simulacra
  Duvessa (D:5)
  2 acid dragons (D:13)
  3 hydra simulacra
  A naga (shapeshifter) (Vaults:5)
  2 floating eyes (Pan)
  20 water moccasins
  A merfolk zombie (Crypt:2)
  2 naga skeletons (Pan)
  3 hell hounds (Lair:5)
  2 ice beasts (D:8)
  4 sky beasts
  A fire bat skeleton (Crypt:1)
  36 orc warriors
  2 ghost crab zombies (Zig:9)
  7 black bears
  5 ettin simulacra
  An ice dragon simulacrum (Coc:1)
  A swamp dragon zombie (Tomb:3)
  4 ogres
  5 wolves (Lair:3)
  5 boggarts (D:15)
  9 centaurs
  2 elf simulacra
  A phantom (D:5)
  A yaktaur zombie (Crypt:3)
  7 kobold brigands
  Blork the orc (Orc:2)
  11 bullfrogs
  2 naga simulacra
  2 human skeletons
  A necrophage (Crypt:1)
  5 earth elementals
  A gnoll sergeant (Zig:2)
  9 scorpions
  A wight (Vaults:3)
  Dowan (D:5)
  A troll zombie (Crypt:2)
  A raiju zombie (Crypt:2)
  A wyvern skeleton (Crypt:1)
  6 killer bees
  A warg skeleton (Crypt:2)
  4 electric eels
  4 howler monkeys
  6 crimson imps (Pan)
  5 lava snakes (Lair:5)
  A quasit (Abyss:3)
  3 hounds
  2 iron imps (Abyss:3)
  2 jellies
  17 orc priests
  A gnoll bouda (D:8)
  3 sleepcaps
  Terence (D:2)
  2 iguanas
  30 orc wizards
  7 hell rats (Hell)
  12 small abominations
  An ogre zombie (Crypt:1)
  80 mummies
  Robin (D:2)
  3 gnolls (D:5)
  8 adders
  2 shadow imps (D:5)
  6 white imps
  5 ufetubi
  2 worms
  2 dart slugs
  75 orcs
  6 endoplasms
  4 giant cockroaches
  13 goblins
  12 hobgoblins
  2 jackals (D:3)
  30 kobolds
  3 quokkas
  5 ball pythons
  A ball python skeleton (Crypt:2)
  A ball python zombie (Crypt:3)
  7 bats
  An endoplasm zombie (Crypt:2)
  5 frilled lizards
  7 rats
  A spectral orc (D:9)
  6 creeping infernos
  33 fire vortices
  A lurking horror (Abyss:3)
  9 starspawn tentacles
  10 tentacles
4962 creatures vanquished.

Vanquished Creatures (collateral kills)
  Ereshkigal (Tar:7)
  A draconian stormcaller (Zig:13)
  A draconian shifter (Zig:13)
  2 green draconians (Zig:13)
  2 white draconians (Zig:13)
  A deep elf knight (Zig:8)
  A deep elf zephyrmancer (Zig:8)
  An orc sorcerer (Zig:6)
  A warg (Zig:7)
  4 orc warriors (Zig:7)
  An ogre (Zig:7)
  An earth elemental (Zig:8)
17 creatures vanquished.

Vanquished Creatures (others)
  An Executioner (Zig:11)
  2 ancient champions
  A balrug (Geh:7)
  A frost giant (Vaults:5)
  An elemental wellspring (Coc:2)
  A fire dragon (Depths:1)
  2 caustic shrike simulacra
  A jorogumo (Zig:10)
  2 juggernaut simulacra
  A death scarab (Tomb:3)
  A quicksilver dragon simulacrum (Coc:5)
  A skeletal warrior (Tomb:3)
  A deep troll (Depths:2)
  A fenstrider witch simulacrum (Coc:2)
  A deep elf zephyrmancer (Elf:1)
  2 draconian zombies (Zig:13)
  2 black draconian zombies (Zig:13)
  A purple draconian zombie (Zig:13)
  An iron giant simulacrum (Coc:7)
  A moth of wrath zombie (Zig:7)
  An iron dragon simulacrum (Coc:2)
  A yak (Lair:5)
  A steam dragon (Lair:5)
  3 elf zombies (Zig:8)
  A troll zombie (Zig:7)
  An electric eel (Elf:1)
  2 ufetubi (D:5)
  5 orc zombies (Zig:7)
  A ball lightning (Elf:1)
  2 bushes (Lair:3)
  8 demonic plants (D:5)
  6 foxfires
  27 fungi
  158 plants
  7 starspawn tentacles
  24 tentacles
  2 withered plants (Zot:2)
275 creatures vanquished.

Grand Total: 5254 creatures vanquished

Notes
Turn   | Place    | Note
-------+----------+-------------------------------------------
     0 | D:1      | Khashishi the Demigod Hunter began the quest for the Orb.
     0 | D:1      | Reached XP level 1. HP: 17/17 MP: 3/3
   133 | D:1      | Reached skill level 1 in Stealth
   287 | D:1      | Reached XP level 2. HP: 24/24 MP: 4/4
   982 | D:2      | Noticed Sigmund
   995 | D:2      | Killed Sigmund
   996 | D:2      | Reached XP level 3. HP: 19/31 MP: 5/5
   996 | D:2      | Reached XP level 4. HP: 23/38 MP: 6/6
   996 | D:2      | Reached XP level 5. HP: 27/45 MP: 7/7
  1228 | D:2      | Noticed Terence
  1237 | D:2      | Killed Terence
  1426 | D:2      | Noticed Robin
  1434 | D:2      | Killed Robin
  1671 | D:3      | Reached XP level 6. HP: 43/51 MP: 8/8
  2290 | D:4      | Reached skill level 5 in Ranged Weapons
  2579 | D:4      | Reached XP level 7. HP: 42/57 MP: 9/9
  2978 | D:5      | Entered Level 5 of the Dungeon
  3078 | D:5      | Noticed Duvessa
  3078 | D:5      | Noticed Dowan
  3078 | D:5      | Found a runed translucent door.
  3120 | D:5      | Found a staircase to the Ecumenical Temple.
  3134 | D:5      | Killed Duvessa
  3140 | D:5      | Killed Dowan
  3292 | D:5      | Found Zireoweh's Magic Scroll Emporium.
  3296 | D:5      | Bought a scroll of enchant armour for 82 gold pieces
  3296 | D:5      | Bought a scroll of enchant weapon for 82 gold pieces
  3336 | D:5      | Reached XP level 8. HP: 63/63 MP: 10/10
  3372 | D:5      | Noticed drewk1942's ghost (novice KoBr)
  3396 | D:5      | Found a runed translucent door.
  3619 | D:5      | Learned a level 1 spell: Apportation
  3962 | D:5      | Learned a level 2 spell: Blink
  4015 | D:6      | Noticed a two-headed ogre
  4081 | D:5      | Reached skill level 1 in Spellcasting
  4081 | D:5      | Reached skill level 1 in Translocations
  4535 | D:6      | Killed a two-headed ogre
  4536 | D:6      | Reached skill level 5 in Dodging
  4536 | D:6      | Reached XP level 9. HP: 69/69 MP: 15/15
  5731 | D:8      | Reached skill level 10 in Ranged Weapons
  6022 | D:8      | Noticed a two-headed ogre
  6026 | D:8      | Reached XP level 10. HP: 45/77 MP: 16/16
  6028 | D:8      | Paralysed by a hornet for 2 turns
  6031 | D:8      | Killed a two-headed ogre
  6057 | D:8      | Noticed a centaur warrior
  6061 | D:8      | Killed a centaur warrior
  6065 | D:8      | HP: 2/77 [sleepcap (15)]
  6097 | D:8      | Noticed a deep elf pyromancer
  6103 | D:8      | Killed a deep elf pyromancer
  6150 | D:8      | Noticed a boulder beetle
  6342 | D:8      | Identified the +11 great mace of Honesty {venom, Will+
                  | Dex-4 SInv}
  6342 | D:8      | Identified the ring "Soschokk" {*Slow rF+ rCorr Int+4}
  6485 | D:8      | Killed a boulder beetle
  6811 | D:8      | Identified the +1 quarterstaff "Fodaanke" {protect, *Rage
                  | Fly Int+3 SInv}
  6949 | D:8      | Noticed Psyche
  6953 | D:8      | Killed Psyche
  6954 | D:8      | Reached XP level 11. HP: 56/82 MP: 17/17
  7097 | D:8      | Noticed a catoblepas
  7100 | D:8      | Killed a catoblepas
  7101 | D:8      | Reached skill level 1 in Evocations
  7268 | D:9      | Found a staircase to the Orcish Mines.
  7420 | D:9      | Found a staircase to the Lair.
  7503 | D:9      | Reached skill level 10 in Dodging
  7733 | Lair:1   | Entered Level 1 of the Lair of Beasts
  8003 | Lair:1   | Identified the +3 ring mail "Weifiov" {rC+ Dex-2 Slay+3}
  8511 | Lair:2   | Noticed a boulder beetle
  8523 | Lair:2   | Killed a boulder beetle
  8524 | Lair:2   | Reached skill level 1 in Armour
  8541 | Lair:2   | Found a hole to the Spider Nest.
  8594 | Lair:2   | Identified the +1 buckler of Starshine {Harm rF+ Int+2}
  8631 | Lair:2   | Noticed a skyshark
  8634 | Lair:2   | Killed a skyshark
  8717 | Lair:2   | Reached XP level 12. HP: 78/92 MP: 18/18
  9396 | Lair:3   | Reached skill level 5 in Fighting
  9524 | Lair:3   | Found a staircase to the Shoals.
  9920 | Lair:3   | Noticed Fannar
  9956 | Lair:3   | Killed Fannar
 10786 | Lair:4   | Found a staircase to the Slime Pits.
 10910 | Lair:4   | Noticed a four-headed hydra
 10917 | Lair:4   | Killed a four-headed hydra
 10990 | Lair:4   | Reached XP level 13. HP: 105/105 MP: 19/19
 11279 | Lair:4   | Noticed Urug
 11289 | Lair:4   | Killed Urug
 11491 | Lair:5   | Entered Level 5 of the Lair of Beasts
 12306 | Lair:5   | Reached skill level 15 in Ranged Weapons
 12667 | Lair:5   | Identified the +4 robe of Temperance {Fly rC+}
 13048 | Lair:5   | Reached XP level 14. HP: 118/118 MP: 20/20
 13206 | Lair:5   | Found a large runed translucent door.
 13207 | Lair:5   | Found a large runed translucent door.
 13660 | Orc:1    | Entered Level 1 of the Orcish Mines
 13981 | Orc:2    | Entered Level 2 of the Orcish Mines
 14141 | Orc:2    | Paralysed by an orc sorcerer for 4 turns
 14163 | Orc:2    | Noticed Blork the orc
 14176 | Orc:2    | Killed Blork the orc
 14203 | Orc:2    | Reached skill level 10 in Fighting
 14431 | Orc:2    | Found a staircase to the Elven Halls.
 14548 | Orc:2    | Noticed Saint Roka
 15266 | Orc:2    | Killed Saint Roka
 15301 | Orc:2    | Found Josoorun's Book Emporium.
 15319 | Orc:2    | Found Cyalen's General Store.
 15325 | Orc:2    | Bought a potion of curing for 45 gold pieces
 15325 | Orc:2    | Bought a potion of curing for 45 gold pieces
 15398 | Orc:2    | Found Jiupurek's Antique Armour Emporium.
 15404 | Orc:2    | Bought a pair of embroidered boots for 217 gold pieces
 15425 | Orc:2    | Found Zieg's Antique Weapon Emporium.
 15469 | D:10     | Entered Level 10 of the Dungeon
 16046 | D:10     | Identified the +6 war axe "Fealaer" {drain, Str+5}
 16231 | D:11     | Found Qaunaud's Magic Scroll Shoppe.
 16240 | D:11     | Bought a scroll of teleportation for 33 gold pieces
 16921 | D:12     | Noticed Nessos
 16924 | D:12     | Killed Nessos
 17299 | D:12     | Got the Lectures on Accelerants
 17764 | D:13     | Reached XP level 15. HP: 130/130 MP: 21/21
 18759 | D:14     | Reached skill level 15 in Dodging
 18770 | D:14     | Found a gate to the Vaults.
 19489 | D:15     | Entered Level 15 of the Dungeon
 19545 | D:15     | Found a staircase to the Depths.
 19663 | D:15     | Found Faicuor's Superior Scales.
 20148 | Spider:1 | Entered Level 1 of the Spider Nest
 20472 | Spider:1 | Noticed Nikola
 20525 | Spider:1 | Killed Nikola
 21183 | Spider:2 | Identified a scroll of acquirement
 21184 | Spider:2 | Acquired the +0 pair of gloves "Cuothrix" {rF+ Dex+4}
 21251 | Spider:2 | Reached XP level 16. HP: 143/143 MP: 22/22
 21415 | Spider:2 | Learned a level 3 spell: Ozocubu's Armour
 21701 | Spider:2 | Reached skill level 1 in Ice Magic
 21901 | Spider:2 | Found a runed translucent gate.
 21902 | Spider:2 | Found a runed translucent gate.
 21903 | Spider:2 | Found a runed translucent gate.
 21909 | Spider:2 | Noticed hikkokomori's ghost (adept TeWn)
 22067 | Spider:3 | Found a transporter.
 22260 | Spider:3 | Found a transporter.
 22796 | Spider:3 | Noticed Agnes
 22802 | Spider:3 | Killed Agnes
 22898 | Spider:4 | Entered Level 4 of the Spider Nest
 23095 | Spider:4 | Learned a level 3 spell: Frozen Ramparts
 23589 | Spider:4 | Got a gossamer rune of Zot
 23675 | Spider:4 | Reached skill level 5 in Ice Magic
 24284 | Shoals:1 | Entered Level 1 of the Shoals
 24724 | Shoals:1 | Reached XP level 17. HP: 131/152 MP: 27/27
 25085 | Shoals:1 | Found Mipsuj's Armour Shoppe.
 27041 | Shoals:4 | Entered Level 4 of the Shoals
 27101 | Shoals:4 | Reached skill level 5 in Spellcasting
 27102 | Shoals:4 | Noticed Polyphemus
 27116 | Shoals:4 | Killed Polyphemus
 28065 | Shoals:4 | Learned a level 3 spell: Portal Projectile
 28253 | Shoals:4 | Identified the +5 plate armour of Winter {+Blink +Inv
                  | Dex+3}
 28297 | Shoals:4 | Reached skill level 1 in Hexes
 28372 | Shoals:4 | Got a barnacled rune of Zot
 28409 | Shoals:4 | Identified the +7 glaive of Wu Jian's Respect {vamp, rElec
                  | rC- Int-3 Stlth+}
 28485 | Shoals:4 | Got the Compilation of Concussion
 28584 | Shoals:4 | Identified the ring of Kimer {rN+ Will+ Int+3}
 28607 | Shoals:4 | Identified the +9 dagger of Fedhas, Mauling {flame, rPois
                  | rC+}
 28743 | D:9      | Gained mutation: You have supernaturally acute eyesight.
                  | (SInv) [potion of mutation]
 28743 | D:9      | Gained mutation: Your muscles are strong. (Str +4, Int/Dex
                  | -1) [potion of mutation]
 28743 | D:9      | Gained mutation: You have a beak for a mouth. [potion of
                  | mutation]
 28856 | Vaults:1 | Entered Level 1 of the Vaults
 28867 | Vaults:1 | Noticed Zenata
 28874 | Vaults:1 | Killed Zenata
 28969 | Vaults:1 | Reached skill level 15 in Fighting
 28973 | Vaults:1 | Reached skill level 5 in Translocations
 28973 | Vaults:1 | Reached XP level 18. HP: 74/163 MP: 16/31
 29309 | Vaults:1 | Learned a level 7 spell: Ozocubu's Refrigeration
 30596 | Vaults:2 | Noticed Frederick
 30607 | Vaults:2 | Killed Frederick
 30612 | Vaults:2 | Noticed Margery
 30622 | Vaults:2 | Killed Margery
 30623 | Vaults:2 | Reached skill level 10 in Ice Magic
 30766 | Vaults:2 | Found Ottytesu's Antique Weapon Emporium.
 30985 | Vaults:2 | Found Fathro's Antique Armour Boutique.
 31066 | Vaults:2 | Found Emusikh's Armour Shoppe.
 31136 | Vaults:2 | Reached XP level 19. HP: 169/174 MP: 20/32
 31332 | Vaults:2 | Found Pany's Antique Weapon Emporium.
 31416 | Vaults:2 | Found Danuefac's Distillery.
 31424 | Vaults:2 | Bought a potion of resistance for 180 gold pieces
 31424 | Vaults:2 | Bought 2 potions of heal wounds for 180 gold pieces
 31424 | Vaults:2 | Bought a potion of mutation for 144 gold pieces
 32054 | Vaults:2 | Noticed Mara
 32060 | Vaults:2 | Killed Mara
 32326 | Vaults:3 | Noticed Aizul
 32333 | Vaults:3 | Killed Aizul
 32791 | Vaults:3 | Found a staircase to the Crypt.
 33067 | Vaults:3 | Noticed Sojobo
 33083 | Vaults:3 | Killed Sojobo
 33210 | Vaults:3 | Identified the +0 hat of Enlosiap {Str-2 Int+4}
 33768 | Vaults:3 | Noticed Boris
 33773 | Vaults:3 | Killed Boris
 34244 | Vaults:4 | Reached skill level 15 in Ice Magic
 34286 | Vaults:4 | Reached XP level 20. HP: 183/183 MP: 25/33
 35173 | Vaults:5 | Entered Level 5 of the Vaults
 35412 | Depths:1 | Entered Level 1 of the Depths
 36188 | Depths:1 | Found a portal to a secret trove of treasure.
 36386 | Depths:1 | Found a gateway to Hell.
 36702 | Depths:2 | Reached XP level 21. HP: 190/192 MP: 29/38
 36784 | Depths:2 | Found Acaugaup's Jewellery Shop.
 36784 | Depths:2 | Found Yrruiq's Book Shoppe.
 36785 | Depths:2 | Found Utotiv's Jewellery Shop.
 37018 | Depths:2 | You fall into a shaft and drop 2 floors!
 37018 | Depths:4 | Entered Level 4 of the Depths
 37385 | Depths:3 | Found a one-way gate leading to the halls of Pandemonium.
 37536 | Depths:3 | Found a one-way gate to the infinite horrors of the Abyss.
 38480 | Depths:3 | Found a one-way gateway to a ziggurat.
 38781 | Depths:3 | Noticed a golden dragon
 38784 | Depths:3 | Killed a golden dragon
 38826 | Depths:3 | Noticed a golden dragon
 38834 | Depths:3 | Killed a golden dragon
 39637 | Depths:4 | Found Ywumax's General Store.
 39644 | Depths:4 | Bought a scroll of immolation for 52 gold pieces
 39644 | Depths:4 | Bought a potion of cancellation for 104 gold pieces
 39958 | Depths:4 | Noticed a golden dragon
 39972 | Depths:4 | Killed a golden dragon
 40049 | Depths:4 | Found a gate to the Realm of Zot.
 40556 | Elf:1    | Entered Level 1 of the Elven Halls
 40788 | Elf:1    | Found a huge runed gate.
 40788 | Elf:1    | Found a huge runed gate.
 40788 | Elf:1    | Found a huge runed gate.
 40788 | Elf:1    | Found a huge runed gate.
 40788 | Elf:1    | Found a huge runed gate.
 40789 | Elf:1    | Found a huge runed gate.
 40796 | Elf:1    | Found a huge runed gate.
 40796 | Elf:1    | Found a huge runed gate.
 40796 | Elf:1    | Found a huge runed gate.
 40798 | Elf:1    | Found a huge runed gate.
 40798 | Elf:1    | Found a huge runed gate.
 40798 | Elf:1    | Found a huge runed gate.
 40805 | Elf:1    | Found a huge runed gate.
 40805 | Elf:1    | Found a huge runed gate.
 40805 | Elf:1    | Found a huge runed gate.
 40805 | Elf:1    | Found a huge runed gate.
 40805 | Elf:1    | Found a huge runed gate.
 40806 | Elf:1    | Found a huge runed gate.
 40828 | Elf:1    | Found Dysaty's Antique Armour Emporium.
 40870 | Elf:1    | Bought a dull robe for 199 gold pieces
 40870 | Elf:1    | Identified the +0 robe of Fitamil {rC+ Will+ Regen+} (You
                  | bought it in a shop on level 1 of the Elven Halls)
 40870 | Elf:1    | Bought an ichor-stained hat for 315 gold pieces
 40870 | Elf:1    | Identified the +1 hat of Truth {rCorr Dex+2 Stlth+} (You
                  | bought it in a shop on level 1 of the Elven Halls)
 40896 | Elf:1    | Found Ytoqaile's Jewellery Shop.
 41046 | Elf:1    | Found a huge runed gate.
 41047 | Elf:1    | Found a huge runed gate.
 41048 | Elf:1    | Found a huge runed gate.
 41052 | Elf:1    | Found Nanourph's Weapon Shoppe.
 41189 | Elf:1    | Found Gam Micecha's Antique Weapon Shoppe.
 41331 | Elf:1    | Found Febbocw's Book Emporium.
 41354 | Elf:1    | Paralysed by an air elemental for 1 turns
 41362 | Elf:1    | Found a huge runed gate.
 41362 | Elf:1    | Found a huge runed gate.
 41362 | Elf:1    | Found a huge runed gate.
 41362 | Elf:1    | Found a huge runed gate.
 41362 | Elf:1    | Found a huge runed gate.
 41362 | Elf:1    | Found a huge runed gate.
 41362 | Elf:1    | Found a huge runed gate.
 41372 | Elf:1    | Found a huge runed gate.
 41372 | Elf:1    | Found a huge runed gate.
 41372 | Elf:1    | Found a huge runed gate.
 41372 | Elf:1    | Found a huge runed gate.
 41372 | Elf:1    | Found a huge runed gate.
 41372 | Elf:1    | Found a huge runed gate.
 41373 | Elf:1    | Found a huge runed gate.
 41374 | Elf:1    | Found a huge runed gate.
 41478 | Elf:1    | Noticed Purghie Ritz's ghost (adept MiBe)
 41479 | Elf:1    | Noticed jasper's ghost (adept MfGl)
 41479 | Elf:1    | Noticed bmack86's ghost (adept MiFi)
 41479 | Elf:1    | Noticed patfeehan111222's ghost (adept MiBe)
 41479 | Elf:1    | Noticed SlowGraham's ghost (veteran FoEE)
 41479 | Elf:1    | Noticed Piot's ghost (adept DsFi)
 41479 | Elf:1    | Noticed Qiokh's ghost (veteran MiBe)
 41481 | Elf:1    | Noticed jasper's ghost (adept DsFi)
 41482 | Elf:1    | Noticed jimonade's ghost (adept DjWr)
 41483 | Elf:1    | Identified the +9 great sword of Ravage {flame, *Noise
                  | rElec rN+}
 42039 | Vaults:5 | Noticed a dread lich
 42047 | Vaults:5 | Killed a dread lich
 42054 | Vaults:5 | Reached XP level 22. HP: 202/204 MP: 39/39
 42171 | Vaults:5 | Acquired a +0 triple crossbow of flaming
 42337 | Vaults:5 | Noticed a dread lich
 42342 | Vaults:5 | Killed a dread lich
 42425 | Vaults:5 | Identified the +1 trident of Dullness {flame, rElec Will-
                  | SInv}
 42435 | Vaults:5 | Identified the +3 leather armour "Qaluget" {rN+}
 42438 | Vaults:5 | Identified the +8 giant spiked club "Hecsoec" {holy, rElec
                  | rC- Dex+3}
 42596 | Vaults:5 | Identified the +6 scale mail "Vos Qiti" {rF+ Int+2}
 42607 | Vaults:5 | Got a silver rune of Zot
 42618 | Vaults:5 | Identified the +2 leather armour "Yroihoen" {Slay+3}
 42651 | Vaults:5 | Noticed an ancient lich
 42666 | Vaults:5 | Killed an ancient lich
 43152 | Vaults:5 | Identified the +6 trident of the Enormous God {drain, rN++}
 44117 | Elf:2    | Paralysed by an air elemental for 1 turns
 44155 | Elf:2    | Found a runed translucent gate.
 44156 | Elf:2    | Found a runed translucent gate.
 44156 | Elf:2    | Found a runed translucent gate.
 44233 | Elf:2    | Reached skill level 10 in Spellcasting
 44532 | Elf:3    | Entered Level 3 of the Elven Halls
 44599 | Elf:3    | Found Wirghin Ingi's Antique Weapon Emporium.
 45592 | Elf:3    | Identified the +10 great sword of the Last Quests {freeze,
                  | Str+3}
 45606 | Elf:3    | Identified the +11 plate armour "Kissath Goef" {Harm Dex+2
                  | Stlth-}
 45626 | Elf:3    | Identified the +9 halberd of Grandeur {elec, Stlth+}
 45635 | Elf:3    | Identified the +10 dagger of Sandy True Grit {freeze,
                  | rElec}
 45639 | Elf:3    | Got the Incunabulum of the Curse
 45644 | Elf:3    | Got Qetipseb's Treatise on the Icicle
 45657 | Elf:3    | Identified the +1 helmet of Depression {*Corrode Will+
                  | Dex+3}
 45664 | Elf:3    | Identified the +3 ring mail of the Earth {rC+ MP+9 Dex-4}
 45888 | Elf:1    | Bought the ring "Deiquili" {rPois rF+} for 615 gold pieces
 45920 | Elf:1    | Killed jimonade's ghost
 45966 | Elf:1    | Killed jasper's ghost
 45983 | Elf:1    | Identified the ring of Secutz {rF+ AC+4}
 46007 | Elf:1    | Killed bmack86's ghost
 46026 | Elf:1    | Killed Purghie Ritz's ghost
 46034 | Elf:1    | Killed Piot's ghost
 46358 | Elf:1    | Killed Qiokh's ghost
 46562 | Elf:1    | Killed jasper's ghost
 46590 | Elf:1    | Killed patfeehan111222's ghost
 46654 | Elf:1    | Killed SlowGraham's ghost
 46655 | Elf:1    | Reached XP level 23. HP: 215/215 MP: 42/42
 47244 | D:4      | Killed drewk1942's ghost
 47609 | Spider:2 | Gained mutation: You are frail. (-10% HP) [mutagenic glow]
 47622 | Spider:2 | Killed hikkokomori's ghost
 47784 | Spider:2 | Identified the +0 pair of boots "Vecipn" {rC+}
 47792 | Spider:2 | Reached XP level 24. HP: 202/202 MP: 42/42
 48008 | Spider:3 | Identified the +0 helmet of Beogh's Generosity {rF- rN+++
                  | rCorr Stlth-}
 48278 | Depths:1 | You paid a toll of 17 potions of curing to enter a treasure
                  | trove
 48279 | Trove    | Entered a treasure trove
 48293 | Trove    | Got Sif Muna's Cyclopedia of Scorching Conflict
 48335 | Trove    | Got Laony's Secrets of Snow-white Blows
 48346 | Trove    | Learned a level 9 spell: Polar Vortex
 48348 | Trove    | Got Sif Muna's Tome of Mercurial Freezing
 48351 | Trove    | Got Sif Muna's Directory of Conjuring and Glaciation
 48629 | Slime:1  | Entered Level 1 of the Pits of Slime
 48754 | Slime:2  | Noticed Dissolution
 48763 | Slime:2  | Killed Dissolution
 49264 | Slime:1  | Gained mutation: Your body sometimes deteriorates upon
                  | taking damage. [a shining eye]
 50390 | Slime:5  | Entered Level 5 of the Pits of Slime
 50725 | Slime:5  | Noticed the Royal Jelly
 50737 | Slime:5  | Gained mutation: You are vulnerable to cold. (rC-) [a
                  | shining eye]
 50752 | Slime:5  | Killed the Royal Jelly
 50826 | Slime:5  | Identified the amulet "Murchun" {Spirit rC+}
 50889 | Slime:5  | Identified the +6 falchion "Demonbane" {protect, Int-4
                  | Dex+6 SInv}
 50919 | Slime:5  | Identified the +2 plate armour "Komolyin" {Slay+2}
 50924 | Slime:5  | Acquired 848 gold pieces
 50945 | Slime:5  | Got a slimy rune of Zot
 50946 | Slime:5  | Identified the +1 plate armour "Woygg" {Regen+ rCorr}
 51408 | D:9      | Lost mutation: Your muscles are strong. (Str +4, Int/Dex
                  | -1) [potion of mutation]
 51408 | D:9      | Lost mutation: You are frail. (-10% HP) [potion of
                  | mutation]
 51408 | D:9      | Lost mutation: You have a beak for a mouth. [potion of
                  | mutation]
 51408 | D:9      | Gained mutation: You are weak. (Str -2) [potion of
                  | mutation]
 51408 | D:9      | Gained mutation: You passively map a small area around you.
                  | [potion of mutation]
 51409 | D:9      | Lost mutation: You are weak. (Str -2) [potion of mutation]
 51409 | D:9      | Lost mutation: You passively map a small area around you.
                  | [potion of mutation]
 51409 | D:9      | Lost mutation: You have supernaturally acute eyesight.
                  | (SInv) [potion of mutation]
 51409 | D:9      | Gained mutation: You expend magic power (3 MP) to
                  | strengthen your wands. [potion of mutation]
 51409 | D:9      | Gained mutation: You have a beak for a mouth. [potion of
                  | mutation]
 51410 | D:9      | Lost mutation: You are vulnerable to cold. (rC-) [potion of
                  | mutation]
 51410 | D:9      | Lost mutation: Your body sometimes deteriorates upon taking
                  | damage. [potion of mutation]
 51410 | D:9      | Lost mutation: You have a beak for a mouth. [potion of
                  | mutation]
 51410 | D:9      | Gained mutation: You have a pair of small horns on your
                  | head. [potion of mutation]
 51410 | D:9      | Gained mutation: Your muscles are strong. (Str +4, Int/Dex
                  | -1) [potion of mutation]
 51410 | D:9      | Gained mutation: Your mind is acute. (Int +4, Str/Dex -1)
                  | [potion of mutation]
 51700 | Depths:3 | Voluntarily entered the Abyss.
 51767 | Depths:3 | Escaped the Abyss
 52024 | Crypt:1  | Entered Level 1 of the Crypt
 52247 | Crypt:1  | Identified the +5 scale mail of the Thinker {rN+ Regen+
                  | MP-9}
 53348 | Crypt:2  | Identified the +2 quarterstaff of the Spheres {freeze,
                  | rPois Will+}
 53570 | Crypt:2  | Learned a level 4 spell: Passage of Golubria
 55044 | Crypt:2  | Got the Cyclopedia of the Morgue
 55086 | Crypt:3  | Entered Level 3 of the Crypt
 55718 | Crypt:3  | Reached XP level 25. HP: 208/233 MP: 26/43
 56323 | Crypt:3  | Identified the ring of Cojouz {rN+ Will+ Int+3}
 56323 | Crypt:3  | Identified the ring "Lodaitz" {rN+ Dex+3}
 56333 | Crypt:3  | Identified the +8 war axe of Offence {elec, rPois rCorr}
 56377 | Crypt:3  | Found the +8 Vampire's Tooth {megavamp}
 56386 | Crypt:3  | Identified the +4 spear of the Whelk {holy, Int+2}
 56458 | Crypt:3  | Found a staircase to the Tomb.
 56736 | Depths:2 | Voluntarily entered the Abyss.
 57282 | Abyss:3  | Gained mutation: Your body sometimes deteriorates upon
                  | taking damage. [a shining eye]
 57527 | Depths:2 | Escaped the Abyss
 57529 | Depths:2 | Voluntarily entered the Abyss.
 57959 | Abyss:5  | Got an abyssal rune of Zot
 57963 | Depths:2 | Escaped the Abyss
 58319 | Zot:1    | Entered Level 1 of the Realm of Zot
 58345 | Zot:1    | Noticed Vv
 58359 | Zot:1    | Killed Vv
 58770 | Zot:1    | Noticed Grunn
 58775 | Zot:1    | Noticed an orb of fire
 58787 | Zot:1    | Gained mutation: You are vulnerable to heat. (rF-) [an orb
                  | of fire]
 58793 | Zot:1    | Killed an orb of fire
 58802 | Zot:1    | Killed Grunn
 59150 | Zot:1    | Noticed an orb of fire
 59156 | Zot:1    | Killed an orb of fire
 59655 | Zot:1    | Noticed an orb of fire
 59660 | Zot:1    | Gained mutation: Your body often deteriorates upon taking
                  | damage. [an orb of fire]
 59669 | Zot:1    | Killed an orb of fire
 60516 | Zot:2    | Identified the +2 ring mail of Shielding {rC+ Dex+3}
 60594 | Zot:2    | Found a runed translucent door.
 60595 | Zot:2    | Noticed Bucoetae's ghost (veteran OgBe)
 60647 | Zot:2    | Reached XP level 26. HP: 240/240 MP: 46/46
 61231 | Zot:2    | Killed Bucoetae's ghost
 63572 | Zot:4    | Found a runed translucent gate.
 63572 | Zot:4    | Found a runed translucent gate.
 63572 | Zot:4    | Found a runed translucent gate.
 63572 | Zot:4    | Noticed a dread lich
 63573 | Zot:4    | Noticed a dread lich
 63573 | Zot:4    | Noticed Sackuas's ghost (veteran OgBe)
 63573 | Zot:4    | Noticed a dread lich
 63573 | Zot:4    | Noticed a dread lich
 64207 | Zot:4    | Killed a dread lich
 64208 | Zot:4    | Killed a dread lich
 64209 | Zot:4    | Reached skill level 15 in Spellcasting
 64210 | Zot:4    | Killed a dread lich
 64211 | Zot:4    | Killed a dread lich
 64221 | Zot:4    | Killed Sackuas's ghost
 64225 | Zot:4    | Identified the ring "Ypasin" {Str+6 SInv}
 64229 | Zot:4    | Identified the +0 helmet "Guph" {Drain +Blink rCorr Str+3}
 64234 | Zot:4    | Identified the +3 cloak "Pujaaq" {rF+ rC- Str+3}
 64422 | Zot:5    | Entered Level 5 of the Realm of Zot
 64612 | Zot:5    | Noticed an orb of fire
 64619 | Zot:5    | Noticed an orb of fire
 64623 | Zot:5    | Killed an orb of fire
 64632 | Zot:5    | Killed an orb of fire
 64836 | Zot:5    | Noticed an orb of fire
 64836 | Zot:5    | Gained mutation: You are frail. (-10% HP) [an orb of fire]
 64837 | Zot:5    | Gained mutation: You occasionally shout uncontrollably at
                  | your foes. [an orb of fire]
 64840 | Zot:5    | Gained mutation: You are clumsy. (Dex -2) [an orb of fire]
 64843 | Zot:5    | Killed an orb of fire
 64846 | Zot:5    | Noticed a dread lich
 64854 | Zot:5    | Reached XP level 27. HP: 196/223 MP: 1/49
 64858 | Zot:5    | Killed a dread lich
 65516 | Zot:5    | Noticed an orb of fire
 65521 | Zot:5    | Killed an orb of fire
 65809 | Zot:4    | Lost mutation: You are frail. (-10% HP) [potion of
                  | mutation]
 65809 | Zot:4    | Lost mutation: You are vulnerable to heat. (rF-) [potion of
                  | mutation]
 65809 | Zot:4    | Gained mutation: You are covered in fur. (AC +1) [potion of
                  | mutation]
 65931 | Hell     | Entered the Vestibule of Hell
 65931 | Hell     | Noticed Geryon
 65952 | Hell     | Killed Geryon
 65953 | Hell     | Reached skill level 27 in Ice Magic
 66210 | Hell     | Found a gateway to the freezing wastes of Cocytus.
 66387 | Hell     | Found a gateway to the decaying netherworld of Tartarus.
 66446 | Hell     | Found a gateway to the ashen valley of Gehenna.
 66488 | Hell     | Found a gateway to the Iron City of Dis.
 66614 | Pan      | Entered Pandemonium
 66832 | Pan      | Noticed Vaockierph the pandemonium lord
 66924 | Pan      | Killed Vaockierph the pandemonium lord
 67715 | Pan      | Noticed Wabbufeo the pandemonium lord
 67722 | Pan      | Killed Wabbufeo the pandemonium lord
 67725 | Pan      | Gained mutation: Armour fits poorly on your strangely
                  | shaped body. [a neqoxec]
 68009 | Pan      | Entered the realm of Gloorx Vloq.
 68489 | Pan      | Identified the +1 chain mail "Seuxi" {-Tele rC- rN++
                  | Regen+}
 68925 | Pan      | Noticed Gloorx Vloq
 69005 | Pan      | Killed Gloorx Vloq
 69337 | Pan      | Got a dark rune of Zot
 69970 | Pan      | Lost mutation: Your muscles are strong. (Str +4, Int/Dex
                  | -1) [a cacodemon]
 70170 | Pan      | Entered the realm of Mnoleg.
 70175 | Pan      | Gained mutation: You are frail. (-10% HP) [a neqoxec]
 70179 | Pan      | Noticed Mnoleg
 70190 | Pan      | Killed Mnoleg
 70203 | Pan      | Gained mutation: You occasionally lose the ability to read
                  | scrolls when taking damage. [a neqoxec]
 70205 | Pan      | Gained mutation: You frequently scream uncontrollably at
                  | your foes. [a shining eye]
 70206 | Pan      | Gained mutation: You are very clumsy. (Dex -4) [a shining
                  | eye]
 70219 | Pan      | Lost mutation: Your mind is acute. (Int +4, Str/Dex -1) [a
                  | neqoxec]
 70220 | Pan      | Gained mutation: You are vulnerable to heat. (rF-) [a
                  | neqoxec]
 70828 | Pan      | Got a glowing rune of Zot
 71262 | Pan      | Lost mutation: Armour fits poorly on your strangely shaped
                  | body. [potion of mutation]
 71262 | Pan      | Lost mutation: You frequently scream uncontrollably at your
                  | foes. [potion of mutation]
 71262 | Pan      | Lost mutation: You are very clumsy. (Dex -4) [potion of
                  | mutation]
 71262 | Pan      | Gained mutation: You are covered in thick fur. (AC +2)
                  | [potion of mutation]
 71263 | Pan      | Lost mutation: You are clumsy. (Dex -2) [potion of
                  | mutation]
 71263 | Pan      | Lost mutation: Your body often deteriorates upon taking
                  | damage. [potion of mutation]
 71263 | Pan      | Lost mutation: You are frail. (-10% HP) [potion of
                  | mutation]
 71263 | Pan      | Lost mutation: You are vulnerable to heat. (rF-) [potion of
                  | mutation]
 71263 | Pan      | Gained mutation: You have sharp fingernails. [potion of
                  | mutation]
 71305 | Pan      | Entered the realm of Lom Lobon.
 71314 | Pan      | Found an exit through the horrors of the Abyss.
 71895 | Pan      | Noticed Lom Lobon
 71916 | Pan      | Killed Lom Lobon
 71923 | Pan      | Got a magical rune of Zot
 72164 | Pan      | Entered the realm of Cerebov.
 72417 | Pan      | Identified the +0 broad axe of Sunlight {heavy, rN+ Will+
                  | Int-2}
 72518 | Pan      | Identified the ring "Kugu Eti" {Will+ rCorr Slay+6 Stlth-}
 72584 | Pan      | Found an exit through the horrors of the Abyss.
 72723 | Pan      | Found the +6 sword of Cerebov {flame}
 72723 | Pan      | Noticed Cerebov
 72752 | Pan      | Killed Cerebov
 73192 | Pan      | Identified the +1 cloak of Exclusion {rF+ rC+ rCorr}
 73245 | Pan      | Got the Catalogue of Atmospheric Nonlocality
 73246 | Pan      | Identified the +5 shortbow "Woadd" {flame, Will+ SInv}
 73247 | Pan      | Identified the +0 chain mail "Sayl" {+Inv Regen+ Slay-4
                  | SInv}
 73272 | Pan      | Got a fiery rune of Zot
 73538 | Pan      | Gained mutation: You are vulnerable to heat. (rF-) [a
                  | neqoxec]
 73564 | Pan      | Noticed Qajiseh the pandemonium lord
 73576 | Pan      | Killed Qajiseh the pandemonium lord
 73593 | Pan      | Gained mutation: You are clumsy. (Dex -2) [a neqoxec]
 74179 | Pan      | Noticed Echysh the pandemonium lord
 74186 | Pan      | Killed Echysh the pandemonium lord
 74353 | Pan      | Gained mutation: You are dopey. (Int -2) [a neqoxec]
 74410 | Pan      | Noticed Xagen the pandemonium lord
 74439 | Pan      | Killed Xagen the pandemonium lord
 74621 | Pan      | Got a demonic rune of Zot
 75037 | Pan      | Identified the +2 rapier of Midnight {drain, Contam Str+4
                  | SInv}
 75210 | Pan      | Identified the +9 giant spiked club "Cipaer" {flame, Will+
                  | Str+7 Dex-2}
 75712 | Pan      | Noticed Plog the pandemonium lord
 75730 | Pan      | Killed Plog the pandemonium lord
 76845 | Pan      | Gained mutation: You are weak. (Str -2) [a cacodemon]
 76937 | Pan      | Noticed Tunichom the pandemonium lord
 76944 | Pan      | Killed Tunichom the pandemonium lord
 77247 | Pan      | Identified the +3 hand axe "Cilliypt" {protect, Dex+2}
 77806 | Pan      | Identified the +3 ring mail of Disappointment {Str+2}
 77880 | Pan      | Found an exit through the horrors of the Abyss.
 77915 | Depths:3 | Escaped Pandemonium
 77921 | Depths:3 | Lost mutation: You have sharp fingernails. [potion of
                  | mutation]
 77921 | Depths:3 | Lost mutation: You expend magic power (3 MP) to strengthen
                  | your wands. [potion of mutation]
 77921 | Depths:3 | Lost mutation: You occasionally lose the ability to read
                  | scrolls when taking damage. [potion of mutation]
 77922 | Depths:3 | Lost mutation: You have a pair of small horns on your head.
                  | [potion of mutation]
 77922 | Depths:3 | Lost mutation: Your body sometimes deteriorates upon taking
                  | damage. [potion of mutation]
 77922 | Depths:3 | Lost mutation: You are clumsy. (Dex -2) [potion of
                  | mutation]
 77922 | Depths:3 | Gained mutation: Your movements are slightly less
                  | encumbered by armour. (ER -2) [potion of mutation]
 77922 | Depths:3 | Lost mutation: You occasionally shout uncontrollably at
                  | your foes. [potion of mutation]
 77922 | Depths:3 | Gained mutation: You have large cloven feet. [potion of
                  | mutation]
 77923 | Depths:3 | Lost mutation: You are dopey. (Int -2) [potion of mutation]
 77923 | Depths:3 | Lost mutation: You are covered in thick fur. (AC +2)
                  | [potion of mutation]
 77923 | Depths:3 | Lost mutation: You are vulnerable to heat. (rF-) [potion of
                  | mutation]
 77923 | Depths:3 | Gained mutation: You are vulnerable to cold. (rC-) [potion
                  | of mutation]
 77923 | Depths:3 | Gained mutation: You are strong-willed. (Will+) [potion of
                  | mutation]
 78110 | Geh:1    | Entered Level 1 of Gehenna
 80941 | Geh:7    | Entered Level 7 of Gehenna
 81683 | Geh:7    | Found the +7 sceptre of Asmodeus
 81683 | Geh:7    | Noticed Asmodeus
 81696 | Geh:7    | Killed Asmodeus
 81704 | Geh:7    | Got an obsidian rune of Zot
 83746 | Tar:1    | Entered Level 1 of Tartarus
 83848 | Tar:1    | Reached skill level 27 in Dodging
 84453 | Tar:3    | Reached skill level 5 in Armour
 86078 | Tar:7    | Entered Level 7 of Tartarus
 86492 | Tar:7    | Reached skill level 10 in Armour
 86992 | Tar:7    | Noticed an ancient lich
 86997 | Tar:7    | Killed an ancient lich
 86999 | Tar:7    | Noticed an ancient lich
 87002 | Tar:7    | Noticed a dread lich
 87003 | Tar:7    | Killed an ancient lich
 87006 | Tar:7    | Killed a dread lich
 87045 | Tar:7    | Found the +3 pair of seven-league boots {Rampage+∞}
 87066 | Tar:7    | Identified the +7 spear "Mariz" {spect, rC+ Str+6 Dex-4}
 87355 | Tar:7    | Identified the +2 broad axe "Wikiatsu" {antimagic, rF+
                  | Dex+2}
 87359 | Tar:7    | Identified the ring of Goxytud {rN+ Will+ Str+4 Dex+4}
 87956 | Tar:7    | Identified the ring of Luasch {rF+ AC+4 Dex+4 SInv}
 87989 | Tar:7    | Identified the ring "Heomischy" {Contam rPois rF+ rCorr
                  | Dex+6}
 88090 | Tar:7    | Noticed Ereshkigal
 88501 | Tar:7    | Killed Ereshkigal
 88727 | Tar:7    | Got a bone rune of Zot
 88906 | Dis:1    | Entered Level 1 of the Iron City of Dis
 89543 | Dis:4    | Reached skill level 27 in Ranged Weapons
 89738 | Dis:4    | Noticed an ancient lich
 89738 | Dis:4    | Noticed an ancient lich
 89738 | Dis:4    | Noticed an ancient lich
 89738 | Dis:4    | Noticed a dread lich
 89738 | Dis:4    | Noticed an ancient lich
 89746 | Dis:4    | Killed a dread lich
 89747 | Dis:4    | Reached skill level 5 in Stealth
 89747 | Dis:4    | Noticed an ancient lich
 89748 | Dis:4    | Killed an ancient lich
 89748 | Dis:4    | Noticed an ancient lich
 89749 | Dis:4    | Noticed a dread lich
 89750 | Dis:4    | Killed an ancient lich
 89755 | Dis:4    | Killed a dread lich
 89758 | Dis:4    | Killed an ancient lich
 89759 | Dis:4    | Killed an ancient lich
 89761 | Dis:4    | Killed an ancient lich
 89766 | Dis:4    | Killed an ancient lich
 90666 | Dis:7    | Entered Level 7 of the Iron City of Dis
 90922 | Dis:7    | Reached skill level 15 in Armour
 91084 | Dis:7    | Noticed a juggernaut
 91089 | Dis:7    | Killed a juggernaut
 91401 | Dis:7    | Noticed a juggernaut
 91408 | Dis:7    | Killed a juggernaut
 91587 | Dis:7    | Identified the +0 buckler "Seuklair" {*Corrode rF++}
 91658 | Dis:7    | Noticed an ancient lich
 91668 | Dis:7    | Killed an ancient lich
 91888 | Dis:7    | Noticed a juggernaut
 91924 | Dis:7    | Killed a juggernaut
 91968 | Dis:7    | Reached skill level 27 in Fighting
 92268 | Dis:7    | Noticed Dispater
 92335 | Dis:7    | Killed Dispater
 92565 | Dis:7    | Identified the +2 pair of boots of Free Will {Dex+2}
 92577 | Dis:7    | Identified the +1 flail of the Hurling Gods {freeze, rPois
                  | Will++}
 92579 | Dis:7    | Got an iron rune of Zot
 92698 | Hell     | Lost mutation: You are strong-willed. (Will+) [potion of
                  | mutation]
 92698 | Hell     | Lost mutation: Your movements are slightly less encumbered
                  | by armour. (ER -2) [potion of mutation]
 92698 | Hell     | Gained mutation: Your natural rate of healing is unusually
                  | fast. [potion of mutation]
 92698 | Hell     | Gained mutation: You passively map a small area around you.
                  | [potion of mutation]
 92699 | Hell     | Lost mutation: You passively map a small area around you.
                  | [potion of mutation]
 92699 | Hell     | Lost mutation: You have large cloven feet. [potion of
                  | mutation]
 92699 | Hell     | Gained mutation: Your skin changes colour to match your
                  | surroundings (Stealth+). [potion of mutation]
 92726 | Coc:1    | Entered Level 1 of Cocytus
 92740 | Coc:1    | Learned a level 4 spell: Dispel Undead
 92740 | Coc:1    | Noticed an ancient lich
 92743 | Coc:1    | Killed an ancient lich
 92744 | Coc:1    | Reached skill level 1 in Necromancy
 92758 | Coc:1    | Learned a level 8 spell: Necromutation
 92766 | Coc:1    | You fall into a shaft and drop 1 floor!
 92773 | Coc:2    | Reached skill level 1 in Transmutations
 93302 | Coc:4    | Noticed a dread lich
 93316 | Coc:4    | Killed a dread lich
 93316 | Coc:4    | Paralysed by a wendigo for 1 turns
 93320 | Coc:4    | Reached skill level 5 in Necromancy
 93324 | Coc:4    | Reached skill level 5 in Transmutations
 94095 | Coc:7    | Entered Level 7 of Cocytus
 94111 | Coc:7    | Paralysed by a wendigo for 1 turns
 94235 | Coc:7    | Learned a level 2 spell: Sublimation of Blood
 94370 | Coc:7    | Paralysed by a wendigo for 1 turns
 94371 | Coc:7    | Paralysed by a wendigo for 1 turns
 94640 | Coc:7    | Noticed the Serpent of Hell
 94651 | Coc:7    | Killed the Serpent of Hell
 94927 | Coc:7    | Reached skill level 10 in Necromancy
 94946 | Coc:7    | Reached skill level 10 in Transmutations
 95173 | Coc:7    | Identified the +10 mace of the Caustic God {freeze, rPois
                  | Stlth+}
 95173 | Coc:7    | Noticed Antaeus
 95201 | Coc:7    | Killed Antaeus
 95511 | Coc:7    | Got an icy rune of Zot
 95753 | Pan      | Entered Pandemonium
 96227 | Pan      | Noticed Woaqe the pandemonium lord
 96349 | Pan      | Found an exit through the horrors of the Abyss.
 96873 | Pan      | Noticed Ushikhau the pandemonium lord
 96883 | Pan      | Killed Ushikhau the pandemonium lord
 97095 | Pan      | Acquired the ring of the Usurping Gods {Wiz *Slow rN+ Int+5
                  | Slay+3}
 98233 | Pan      | Learned a level 4 spell: Animate Dead
 98240 | Pan      | Learned a level 6 spell: Death Channel
 98483 | Pan      | Noticed Eloats the pandemonium lord
 98493 | Pan      | Killed Eloats the pandemonium lord
 98495 | Pan      | Noticed Mennas
 98504 | Pan      | Killed Mennas
 99116 | Pan      | Found an exit through the horrors of the Abyss.
 99122 | Pan      | Took an exit into the Abyss.
 99122 | Abyss:5  | Escaped into the Abyss
 99370 | Abyss:5  | Noticed an ancient lich
 99375 | Abyss:5  | Killed an ancient lich
 99378 | Depths:2 | Escaped the Abyss
 99532 | Zig:1    | Entered Level 1 of a ziggurat
 99550 | Zig:2    | Entered Level 2 of a ziggurat
 99575 | Zig:3    | Entered Level 3 of a ziggurat
 99597 | Zig:4    | Entered Level 4 of a ziggurat
 99601 | Zig:4    | Noticed Geroufuk the pandemonium lord
 99612 | Zig:4    | Killed Geroufuk the pandemonium lord
 99708 | Zig:5    | Entered Level 5 of a ziggurat
 99744 | Zig:5    | Identified the +8 broad axe of Patterns {heavy, rF++ rCorr
                  | Int-3 Dex+3}
 99757 | Zig:6    | Entered Level 6 of a ziggurat
 99785 | Zig:6    | Identified the +7 glaive "Beast's Funeral" {antimagic, rN+}
 99855 | Zig:7    | Entered Level 7 of a ziggurat
 99872 | Zig:7    | Reached skill level 15 in Necromancy
 99872 | Zig:7    | Reached skill level 15 in Transmutations
 99878 | Zig:7    | Found the +3 greatsling "Punk" {acid, rCorr}
 99944 | Zig:8    | Entered Level 8 of a ziggurat
 99987 | Zig:8    | Identified the +9 whip "Xumekyw" {protect, Str+4}
100001 | Zig:9    | Entered Level 9 of a ziggurat
100017 | Zig:9    | Noticed Zonian's ghost (legendary VSFi)
100032 | Zig:9    | Killed Zonian's ghost
100225 | Zig:10   | Entered Level 10 of a ziggurat
100416 | Zig:10   | Identified the ring "Gaisag" {Drain rF+ Will++ Str+3 Dex+3}
100445 | Zig:10   | Identified the +8 war axe of Eschu {antimagic, *Rage rElec
                  | SInv}
100473 | Zig:11   | Entered Level 11 of a ziggurat
100487 | Zig:11   | Noticed Axeafa the pandemonium lord
100497 | Zig:11   | Killed Axeafa the pandemonium lord
100515 | Zig:11   | Identified the +1 chain mail "Gaiddaf" {Regen+ Int+3}
100516 | Zig:11   | Identified the ring "Kuziox" {Wiz rPois rC+ rCorr Str-3}
100537 | Zig:12   | Entered Level 12 of a ziggurat
100603 | Zig:12   | Learned a level 3 spell: Vhi's Electric Charge
100615 | Zig:12   | Identified the ring "Iwnioh" {Str+3 Dex+6}
100720 | Zig:13   | Entered Level 13 of a ziggurat
100779 | Zig:13   | Found the +5 demon whip "Spellbinder" {antimagic, disrupt,
                  | Will+}
100903 | Zig:14   | Entered Level 14 of a ziggurat
100950 | Zig:14   | Found the +27 heavy crossbow "Sniper" {heavy, Acc+∞ SInv}
100964 | Zig:14   | Identified the ring of Incredulity {MP+9 Dex+6}
100968 | Zig:14   | Identified the +7 glaive of Zunuoka {heavy, rPois}
100971 | Zig:14   | Identified the +8 quarterstaff of Circular Logic {flame,
                  | rElec rC+}
100988 | Zig:14   | Lost mutation: You are covered in fur. (AC +1) [potion of
                  | mutation]
100988 | Zig:14   | Lost mutation: Your skin changes colour to match your
                  | surroundings (Stealth+). [potion of mutation]
100988 | Zig:14   | Lost mutation: Your natural rate of healing is unusually
                  | fast. [potion of mutation]
100988 | Zig:14   | Gained mutation: You have supernaturally acute eyesight.
                  | (SInv) [potion of mutation]
100988 | Zig:14   | Gained mutation: Your system is resistant to poisons.
                  | (rPois) [potion of mutation]
100989 | Zig:14   | Lost mutation: You are weak. (Str -2) [potion of mutation]
100989 | Zig:14   | Lost mutation: Your system is resistant to poisons. (rPois)
                  | [potion of mutation]
100989 | Zig:14   | Gained mutation: You do not regenerate when monsters are
                  | visible. [potion of mutation]
100989 | Zig:14   | Gained mutation: You have a pair of small horns on your
                  | head. [potion of mutation]
100989 | Zig:14   | Gained mutation: You are partially covered in iridescent
                  | scales. (AC +2) [potion of mutation]
100990 | Zig:14   | Lost mutation: You are partially covered in iridescent
                  | scales. (AC +2) [potion of mutation]
100990 | Zig:14   | Lost mutation: You are vulnerable to cold. (rC-) [potion of
                  | mutation]
100990 | Zig:14   | Lost mutation: You have supernaturally acute eyesight.
                  | (SInv) [potion of mutation]
100990 | Zig:14   | Gained mutation: You passively map a small area around you.
                  | [potion of mutation]
100990 | Zig:14   | Gained mutation: Your mind is acute. (Int +4, Str/Dex -1)
                  | [potion of mutation]
100991 | Zig:14   | Lost mutation: Your mind is acute. (Int +4, Str/Dex -1)
                  | [potion of mutation]
100991 | Zig:14   | Lost mutation: You passively map a small area around you.
                  | [potion of mutation]
100991 | Zig:14   | Gained mutation: You occasionally lose the ability to read
                  | scrolls when taking damage. [potion of mutation]
100991 | Zig:14   | Lost mutation: You do not regenerate when monsters are
                  | visible. [potion of mutation]
100991 | Zig:14   | Gained mutation: You passively dampen the noise of your
                  | surroundings. [potion of mutation]
100991 | Zig:14   | Gained mutation: You have sharp toenails. [potion of
                  | mutation]
100992 | Zig:14   | Lost mutation: You occasionally lose the ability to read
                  | scrolls when taking damage. [potion of mutation]
100992 | Zig:14   | Lost mutation: You passively dampen the noise of your
                  | surroundings. [potion of mutation]
100992 | Zig:14   | Gained mutation: You occasionally lose the ability to drink
                  | potions when taking damage. [potion of mutation]
100992 | Zig:14   | Gained mutation: You are strong-willed. (Will+) [potion of
                  | mutation]
101022 | Zig:15   | Entered Level 15 of a ziggurat
101185 | Zig:15   | Got the Parchment of Stony Skeletons
101192 | Zig:15   | Learned a level 3 spell: Vampiric Draining
101579 | Tomb:1   | Entered Level 1 of the Tomb of the Ancients
101862 | Tomb:1   | Noticed Boris
101872 | Tomb:1   | Killed Boris
103473 | Tomb:2   | Identified the +8 spear "Fikhlerru" {pain, Dex+4}
103553 | Tomb:3   | Entered Level 3 of the Tomb of the Ancients
103649 | Tomb:3   | Got a golden rune of Zot
103792 | Tomb:3   | Paralysed by a Zot trap for 5 turns
104062 | Tomb:3   | Identified the +1 war axe of Death's Door {freeze, Str+5}
104065 | Tomb:3   | Identified the +10 morningstar of Patterns {venom, Dex+2
                  | SInv}
104083 | Tomb:3   | Identified the amulet of Lust {RegenMP Rampage Dex-4 SInv
                  | Stlth+}
104089 | Tomb:3   | Identified the ring "Codurphi" {Ice Fly rPois rN+ SInv}
104130 | Tomb:3   | Identified the +1 rapier of Gotydyimp {venom, Str+3}
104828 | Zot:5    | Got the Orb of Zot
105389 | D:$      | Escaped with the Orb!

Illustrated notes

Levels and vault maps discovered:
D:1:      minmay_arrival_nine_rooms, layout_loops_ring, kennysheep_flooded_box
D:2:      layout_loops_cross, minmay_misc_feat_enclosed, uniq_robin,
          uniq_terence, uniq_sigmund
D:3:      layout_loops_ring, nicolae_wu_jian_immortal_techniques,
          mainiacjoe_overflow_cross_hatched, grunt_ministairs_2
D:4:      layout_gridville, grunt_qazlal_clouds
D:5:      layout_loops_ring, minmay_temple_entry_drinking_statues, serial_shops,
          shop, serial_demonic, serial_demonic_d, serial_demonic_f,
          serial_demonic_c, serial_demonic_b, serial_demonic_b,
          ebering_ghost_sewer_f, lemuel_flamethrower_2, uniq_duvessa
D:6:      layout_rooms, mainiacjoe_overflow_tiny_flanked, nemelex_altar_shiori,
          mainiacjoe_overflow_boulevard
D:7:      layout_cave_pods, gammafunk_temple_overflow_pools
D:8:      minmay_the_grid_octo_tiled_octocenter
          [minmay_the_grid_octo_vomiting_pacman, minmay_the_grid_octo_clover,
          minmay_the_grid_octo_checkerflower,
          minmay_the_grid_octo_thin_diamonds, minmay_the_grid_octo_prize_big_c,
          minmay_the_grid_square_5x5_detours, minmay_the_grid_square_5x5_n,
          minmay_the_grid_square_5x5_minibox,
          minmay_the_grid_square_5x5_hollow_slash], layout_basic,
          dreamdust_gnoll_shepherd, uniq_psyche
D:9:      layout_cave_pools, nzn_hepliaklqana_mist_gate,
          yredelemnul_forgotten_temple_becter, minmay_lair_entry_grove,
          minmay_orc_entry_guard_dogs
D:10:     layout_roguey, general_overflow_altar
D:11:     layout_long_grid, serial_shops, shop
D:12:     cheibrodos_breeding_chamber, layout_irregular_city, bh_walls_and_bars,
          uniq_nessos
D:13:     layout_irregular_city
D:14:     layout_basic, david_vaults_2, chequers_serial_rivers_small_3,
          minmay_misc_feat_iff
D:15:     grunt_enter_depths_snipers, layout_cave_pools, ashenzari_altar_1,
          drop_trap, hellmonk_scale_shop
Lair:1:   layout_gridlike
Lair:2:   layout_loops_ring, spider_nest_entry_webs
Lair:3:   layout_layer_cave, elwin_shoals_entry_stream,
          grunt_forest_large_clearing_hut, lemuel_fruit_tree, uniq_fannar
Lair:4:   layout_regular_city, dpeg_slime_entry_enclosed, uniq_urug
Lair:5:   cheibrodos_lair_end_hotspot, layout_regular_city, ldierk_geyser,
          grunt_forest_small_clearings, chequers_serial_rivers_small_a,
          bobbens_dragon_lair_wall
Shoals:1: layout_shoals, serial_shops, nicolae_shop_waterfront
Shoals:2: layout_shoals, nicolae_shoals_lost_giant_temple
Shoals:3: layout_shoals, nicolae_shoals_arrival_archipelago
Shoals:4: shoals_end_grunt_ice, layout_shoals, uniq_polyphemus
Spider:1: lemuel_spider_zombies, uniq_nikola
Spider:2: layout_cave_pods, gammafunk_ghost_tricky_traps,
          hellmonk_watch_for_rolling_rocks
Spider:3: gammafunk_sealed_arena, uniq_agnes
Spider:4: grunt_spider_rune_parallel
Slime:1:  layout_caves
Slime:2:  layout_caves, dissolution_awaits
Slime:3:  layout_caves
Slime:4:  layout_caves
Slime:5
Orc:1:    layout_caves
Orc:2:    grunt_orc_cross, layout_caves
Elf:1:    eino_elf_arrival_customs, layout_gridlike, serial_shops,
          nicolae_shop_behind_doors, nicolae_shop_waterfront,
          nicolae_shop_behind_doors, nicolae_take_the_stairs,
          nicolae_shop_waterfront, gammafunk_ghost_door_vault,
          kennysheep_underground_church
Elf:2:    nicolae_elf_blades_crystal_corner, layout_geoelf_octagon
Elf:3:    minmay_elf_hall_statues, layout_geoelf_castle, serial_shops,
          nicolae_shop_overgrown_old_shop, minmay_misc_feat_diagonals,
          minmay_crystal_room
Vaults:1: ontoclasm_vaults_chip, nicolae_vaults_diagonal_hallway_8,
          nicolae_vaults_sealed_display, nicolae_vaults_little_squares_1,
          hangedman_vaults_pinch, dpeg_vaults_pockets_of_resistance, v_rooms_4,
          v_rooms_5, v_rooms_5, ontoclasm_vaults_loading_screen,
          layout_vaults_ring, uniq_zenata
Vaults:2: hangedman_vaults_stretched_pinwheel, ontoclasm_vaults_twist,
          nicolae_vaults_triangles, v_pattern_1, nicolae_vaults_three_branches,
          v_rooms_2, ontoclasm_vaults_spin, hangedman_vaults_impose,
          grunt_vaults_hallway_long, vaults_dpeg_emergency_exit,
          nicolae_vaults_theta, layout_vaults_chaotic_city, serial_shops, shop,
          nicolae_shop_behind_doors, nicolae_shop_trees, nicolae_shop_crystal,
          nicolae_diamond_shop, uniq_margery, uniq_mara, uniq_frederick
Vaults:3: nicolae_vaults_network_barrier, blue_anna_dwarven_crypt,
          grunt_tower_of_power, v_pattern_3, nicolae_vaults_twisting_passages,
          vaults_room_pool, v_alt_pattern_2, layout_vaults_omnigrid,
          uniq_sojobo, uniq_boris, uniq_aizul
Vaults:4: nicolae_vaults_disjoint_gnomons, grunt_vaults_hallway_long,
          hangedman_vaults_unwind, vaults_standard_mumra_enter_the_diamond,
          nicolae_vaults_what_the_h, v_misc_25, hangedman_vaults_nails,
          ontoclasm_vaults_hangar, vaults_dpeg_hooks, sword_in_stone,
          vaults_room_door_ring, nicolae_vaults_angled_halls,
          layout_vaults_omnicross, uniq_saint_roka
Vaults:5
Crypt:1:  layout_misc_corridors, grunt_crypt_arrival_webbed
Crypt:2:  layout_misc_corridors, special_room [special_room_morgue],
          grunt_megastairs_5
Crypt:3:  lightli_unholy_cathedral, layout_chaotic_city,
          nicolae_tomb_entry_unfolded_pyramid_orthogonal, minmay_misc_feat_alley
Tomb:1
Tomb:2
Tomb:3
Depths:1: layout_gridlike, grunt_hell_entry_dis_old,
          nicolae_trove_entry_columns, hangedman_decor_cross_pass,
          kennysheep_generic_room_2, firewood_loft
Depths:2: minmay_roctagon, layout_basic, minmay_splitting_lines,
          hangedman_abyss_entry_splay, pf_hell_entry_great_geh,
          rand_demon_pan_entry_4, kennysheep_generic_room_10, minmay_shop_grove,
          infiniplex_staircase_x
Depths:3: minmay_imperfect_grid, layout_basic, enter_ziggurat_d, abyss_entry,
          hangedman_coc_ice_floe, pan_entry, chequers_jeans,
          nicolae_tso_swordbearing_angel
Depths:4: grunt_twist_and_shout, layout_gridlike, minmay_crystal_water,
          serial_shops, nicolae_shop_crystal, hellmouth_1
Hell
Dis:1:    layout_subdivisions
Dis:2:    layout_jigsaw
Dis:3:    layout_subdivisions
Dis:4:    layout_subdivisions, nicolae_hells_leichenhalle
Dis:5:    layout_subdivisions, lemuel_dis_dragons
Dis:6:    layout_jigsaw
Dis:7:    dis_grunt_layers
Geh:1:    layout_gehenna_lava_caves
Geh:2:    layout_gehenna_lava_caves
Geh:3:    layout_gehenna_pools_box, nicolae_hells_hurtin_island
Geh:4:    layout_gehenna_lava_caves
Geh:5:    layout_gehenna_lava_caves
Geh:6:    layout_gehenna_pools_basic, nicolae_geh_lavax
Geh:7:    geh_hangedman
Coc:1:    layout_ice_bergs
Coc:2:    layout_ice_bergs
Coc:3:    layout_cocytus_water_paths
Coc:4:    nicolae_coc_bergin, layout_cocytus_delve
Coc:5:    layout_ice_bergs
Coc:6:    layout_cocytus_water_paths
Coc:7:    coc_grunt_cove [coc_grunt_cove_antaeus, coc_grunt_cove_fiend,
          coc_grunt_cove_fiend, coc_grunt_cove_fiend, coc_grunt_cove_fiend]
Tar:1:    layout_catacombs
Tar:2:    layout_cathedral_of_symmetry
Tar:3:    hangedman_tartarus_temple_path, layout_cathedral_of_symmetry
Tar:4:    layout_honeycomb
Tar:5:    layout_grid_maze
Tar:6:    layout_grid_maze, nicolae_tar_grid_combs
Tar:7:    tar_old
Zot:1:    layout_cathedral_of_symmetry, st_stairs_9, grunt_megastairs_2,
          uniq_vv, uniq_grunn
Zot:2:    layout_misc_corridors, gammafunk_ghost_grave
Zot:3:    layout_gridlike, st_stairs_4, zot_minivault_1
Zot:4:    layout_gridlike, gammafunk_ghost_crypt, st_stairs_13
Zot:5:    layout_concentric_octagons, nicolae_lava_and_water

Skill      XL: |  1  2  3  4  5  6  7  8  9 10 11 12 13 14 15 16 17 18 19 20 21 22 23 24 25 26 27 |
---------------+----------------------------------------------------------------------------------+-----
Stealth        | 1 2 3 4 6 |  6.0
Dodging        | 2 3 4 5 7 9 10 12 13 14 15 16 17 18 19 20 21 22 27 | 27.0
Fighting       | 2 3 4 7 9 11 13 14 15 16 17 18 20 27 | 27.0
Ranged Weapons | 4 5 7 9 10 12 13 14 15 16 17 18 27 | 27.0
Spellcasting   | 2 3 6 8 10 13 16 21 | 21.8
Translocations | 3 4 5 |  5.0
Evocations     | 3 4 |  4.0
Armour         | 1 4 18 | 18.6
Ice Magic      | 5 7 10 15 17 18 21 24 26 27 | 27.0
Hexes          | 3 |  3.0
Necromancy     | 18 | 18.2
Transmutations | 18 | 18.2

Action                     |  1- 3 |  4- 6 |  7- 9 | 10-12 | 13-15 | 16-18 | 19-21 | 22-24 | 25-27 || total
---------------------------+-------+-------+-------+-------+-------+-------+-------+-------+-------++-------
  Melee: Dagger            |       |       |       |     1 |       |       |       |       |       ||     1
         Triple crossbow   |       |       |       |       |       |       |       |       |     1 ||     1
         Headbutt          |       |       |       |       |       |       |       |       |     1 ||     1
   Fire: Shortbow          |    80 |    15 |       |       |       |       |       |       |       ||    95
         Arbalest          |       |   122 |   233 |   465 |  1172 |  1171 |  1264 |  1299 |  1972 ||  7698
         Triple crossbow   |       |       |       |       |       |       |       |       |  3565 ||  3565
  Throw: Dart              |     1 |     2 |       |       |       |       |       |       |       ||     3
   Cast: Apportation       |       |       |     1 |       |       |       |     1 |       |       ||     2
         Blink             |       |       |     1 |       |     1 |     2 |     1 |    15 |    25 ||    45
         Ozocubu's Armour  |       |       |       |       |       |    44 |    56 |    27 |   239 ||   366
         Frozen Ramparts   |       |       |       |       |       |    28 |    34 |     5 |     4 ||    71
         Portal Projectile |       |       |       |       |       |     6 |    11 |     7 |    47 ||    71
         Ozocubu's Refrige |       |       |       |       |       |       |    43 |    35 |    97 ||   175
         Polar Vortex      |       |       |       |       |       |       |       |       |   242 ||   242
         Passage of Golubr |       |       |       |       |       |       |       |       |    46 ||    46
         Necromutation     |       |       |       |       |       |       |       |       |    52 ||    52
         Animate Dead      |       |       |       |       |       |       |       |       |     6 ||     6
         Death Channel     |       |       |       |       |       |       |       |       |     5 ||     5
         Vhi's Electric Ch |       |       |       |       |       |       |       |       |     1 ||     1
  Evoke: Wand              |       |       |     2 |    10 |     7 |     6 |     6 |       |    12 ||    43
         Phial of floods   |       |       |       |     1 |     4 |     2 |     3 |       |     4 ||    14
         Box of beasts     |       |       |       |       |       |     1 |     2 |       |       ||     3
         Tin of tremorston |       |       |       |       |       |     2 |     1 |     2 |     1 ||     6
         Condenser vane    |       |       |       |       |       |     1 |     3 |     3 |     6 ||    13
         Lightning rod     |       |       |       |       |       |       |       |     7 |    15 ||    22
         Phantom mirror    |       |       |       |       |       |       |       |       |     4 ||     4
    Use: Potion            |     2 |       |     4 |     6 |     8 |     2 |     7 |    12 |    79 ||   120
         Scroll            |     1 |       |    19 |    16 |    19 |     5 |     6 |    12 |    36 ||   114
   Stab: Sleeping          |       |       |       |     1 |       |       |       |       |       ||     1
 Armour: Leather armour    |     8 |    15 |    45 |    10 |       |       |       |       |       ||    78
         Steam dragon scal |       |       |       |    46 |    90 |    97 |   134 |    81 |   487 ||   935
         Skin              |       |       |       |       |     1 |       |       |   176 |   101 ||   278
  Dodge: Dodged            |    30 |    42 |   161 |   321 |   768 |  1152 |   941 |   984 |  4777 ||  9176

Table legend: (Time is in decaauts)
 A = Elapsed time spent in this place.
 B = Non-inter-level travel time spent in this place.
 C = Inter-level travel time spent in this place.
 D = Time resting spent in this place.
 E = Time spent auto-exploring this place.
 F = Levels seen in this place.
 G = Mean time per level.
                   A        B        C        D        E       F      G
               +--------+--------+--------+--------+--------+-----+--------+
         Total | 106207 |  96948 |   9259 |  22584 |  40008 | 130 |  817.0 |
       Dungeon |  14636 |  12171 |   2465 |   1100 |   7616 |  15 |  975.7 |
          Lair |   6514 |   5924 |    590 |    956 |   3629 |   5 | 1302.8 |
        Shoals |   4398 |   4218 |    180 |   1037 |   2084 |   4 | 1099.5 |
   Spider Nest |   4646 |   4329 |    317 |    925 |   1845 |   4 | 1161.5 |
    Slime Pits |   2712 |   2437 |    275 |    233 |   1613 |   5 |  542.4 |
  Orcish Mines |   1784 |   1662 |    122 |    473 |    637 |   2 |  892.0 |
   Elven Halls |   4392 |   4207 |    185 |    533 |   1061 |   3 | 1464.0 |
        Vaults |   8624 |   7653 |    971 |   1025 |   4050 |   5 | 1724.8 |
         Crypt |   4760 |   4338 |    422 |   1694 |   1163 |   3 | 1586.7 |
          Tomb |   2838 |   2737 |    101 |    470 |    146 |   3 |  946.0 |
        Depths |   6911 |   5356 |   1555 |    953 |   2942 |   4 | 1727.8 |
          Hell |    958 |    728 |    230 |    136 |    284 |   1 |  958.0 |
           Dis |   3758 |   3429 |    329 |   1180 |    428 |   7 |  536.9 |
       Gehenna |   5481 |   5290 |    191 |   2187 |   1890 |   7 |  783.0 |
       Cocytus |   3037 |   2706 |    331 |    492 |    885 |   7 |  433.9 |
      Tartarus |   5107 |   4812 |    295 |   2394 |    572 |   7 |  729.6 |
           Zot |   7654 |   6959 |    695 |   2663 |   2507 |   5 | 1530.8 |
         Abyss |   1554 |   1554 |      0 |     19 |    657 |   8 |  194.2 |
   Pandemonium |  14647 |  14647 |      0 |   3402 |   5935 |  19 |  770.9 |
      Ziggurat |   1695 |   1695 |      0 |    710 |      0 |  15 |  113.0 |
         Trove |     93 |     93 |      0 |      0 |     61 |   1 |   93.0 |
               +--------+--------+--------+--------+--------+-----+--------+

Top non-repeatable levels by time:
   Tar:7: 2751 daAuts
   Geh:7: 2651 daAuts
   Elf:1: 2254 daAuts
Vaults:3: 2109 daAuts
  Lair:5: 2042 daAuts
   Zot:1: 2042 daAuts
   Dis:7: 1999 daAuts
Depths:3: 1967 daAuts
Depths:4: 1900 daAuts
Vaults:2: 1855 daAuts
 Crypt:2: 1830 daAuts
   Zot:4: 1781 daAuts
  Tomb:1: 1753 daAuts
Vaults:1: 1734 daAuts
Vaults:5: 1651 daAuts
